 Seeded DCSS version 0.25-a0-766-g0ecfff5 (webtiles) character file.

Game seed: 4228302122948039985, levelgen mode: deterministic

15257721 Shadowblade the Conqueror (level 27, 127/245 HPs)
             Began as a Minotaur Berserker on Apr 13, 2020.
             Was the Champion of Makhleb.
             Escaped with the Orb
             ... and 15 runes!
             The game lasted 07:59:18 (103303 turns).

Shadowblade the Conqueror (Minotaur Berserker)    Turns: 103303, Time: 07:59:19

Health: 127/245    AC: 47    Str: 24    XL:     27
Magic:  28/29      EV: 30    Int: 10    God:    Makhleb [******]
Gold:   8449       SH: 24    Dex: 16    Spells: 31/37 levels left

rFire    + + .     SeeInvis +   f - +10 zealot's sword {holy, *Rage rN+ EV+3}
rCold    . . .     Gourm    .   Y - +6 kite shield "Tiathrer" {rElec rN+}
rNeg     + + +     Faith    .   L - +9 shadow dragon scales of Defiance {rElec rC- SInv Stlth++++}
rPois    +         Spirit   .   (helmet unavailable)
rElec    +         Reflect  .   P - +2 cloak {rPois}
rCorr    .         Harm     .   d - +0 pair of fencer's gloves {Riposte Dex+3}
MR       +++++     Clarity  +   l - +2 pair of boots {Stlth+}
Stlth    +++.......             M - amulet of the Four Winds {rN+ MR+++ Clar}
HPRegen  0.00/turn              z - ring "Kupryrgh" {rElec rF+ rN+}
MPRegen  0.21/turn              Z - ring of Knowledge {rF+ rC+ rN+ MR+}

@: no status effects
A: retaliatory headbutt, horns 3, icy blue scales 1, iridescent scales 2, blurry
vision 2, clumsy 1, frail 1, low mp 1, inhibited regeneration, subdued magic 1,
MP-powered wands
0: Orb of Zot
}: 15/15 runes: serpentine, barnacled, slimy, silver, golden, iron, obsidian,
icy, bone, abyssal, demonic, glowing, magical, fiery, dark
a: Minor Destruction, Lesser Servant of Makhleb, Major Destruction, Greater
Servant of Makhleb, Renounce Religion


You escaped.
You worshipped Makhleb.
Makhleb was exalted by your worship.
You were not hungry.

You visited 18 branches of the dungeon, and saw 89 of its levels.
You visited Pandemonium 1 time, and saw 10 of its levels.
You visited the Abyss 1 time.
You visited 1 bazaar.
You also visited: Gauntlet and Ice Cave.

You collected 14451 gold pieces.
You spent 6002 gold pieces at shops.

Inventory:

Hand Weapons
 f - the +10 zealot's sword (weapon) {holy, *Rage rN+ EV+3}
   (You found it in an ice cave)

   It has been blessed by the Shining One to cause great damage to the undead
   and demons.
   It affects your evasion (+3).
   It protects you from negative energy.
   It may make you go berserk in combat.
 W - the +3 double sword of Trog's Vengeance {antimagic, +Blink Int+2}
   (Trog gifted it to you on level 3 of the Elven Halls)

   It reduces the magical energy of the wielder, and disrupts the spells and
   magical abilities of those hit.
   Natural abilities and divine invocations are not affected.
   It affects your intelligence (+2).
   It lets you blink.
Missiles
 n - 20 silver javelins
 v - 23 javelins (quivered)
Armour
 d - the +0 pair of fencer's gloves (worn) {Riposte Dex+3}
   (You found it on level 5 of the Vaults)

   It affects your dexterity (+3).
 l - a +2 pair of boots of stealth (worn)
 u - a +2 tower shield of protection
 x - a +2 hat
 E - a scarf of repulsion
 I - the +5 plate armour "Niob" {rC+ rCorr}
   (You bought it in a shop on level 3 of the Snake Pit)

   It protects you from cold.
   It provides partial protection from all sources of acid and corrosion.
 L - the +9 shadow dragon scales of Defiance (worn) {rElec rC- SInv Stlth++++}
   (You found it on level 5 of the Vaults)

   It makes you vulnerable to cold.
   It insulates you from electricity.
   It lets you see invisible.
   It makes you much more stealthy.
 P - a +2 cloak of poison resistance (worn)
 Y - the +6 kite shield "Tiathrer" (worn) {rElec rN+}
   (You bought it in a shop on level 3 of the Snake Pit)

   It insulates you from electricity.
   It protects you from negative energy.
Jewellery
 b - the ring "Vome" {*Drain rPois rF++ rN+ Str+3}
   (You took it off Khufu on level 3 of the Crypt)

   [ring of positive energy]

   It affects your strength (+3).
   It greatly protects you from fire.
   It protects you from poison.
   It protects you from negative energy.
   It causes draining when unequipped.
 j - an uncursed ring of magical power
 w - an uncursed ring of protection from cold
 z - the ring "Kupryrgh" (left hand) {rElec rF+ rN+}
   (You took it off a greater mummy on level 3 of the Crypt)

   [ring of positive energy]

   It protects you from fire.
   It insulates you from electricity.
   It protects you from negative energy.
 C - an uncursed ring of flight
 F - an uncursed ring of see invisible
 G - a +3 ring of slaying
 M - the amulet of the Four Winds (around neck) {rN+ MR+++ Clar}
   (You bought it in a shop on level 1 of the Depths)

   [amulet of nothing]

   It protects you from negative energy.
   It affects your resistance to hostile enchantments.
   It protects you against confusion.
 Z - the ring of Knowledge (right hand) {rF+ rC+ rN+ MR+}
   (You bought it in a shop on level 2 of the Orcish Mines)

   [ring of positive energy]

   It protects you from fire.
   It protects you from cold.
   It protects you from negative energy.
   It affects your resistance to hostile enchantments.
Wands
 a - a wand of acid (27)
 s - a wand of disintegration (7)
 N - a wand of iceblast (41)
 R - a wand of digging (19)
Scrolls
 e - 34 scrolls of identify
 g - 3 scrolls of blinking
 h - 5 scrolls of immolation
 k - 3 scrolls of holy word
 t - a scroll of teleportation
 A - 2 scrolls of amnesia
 H - 34 scrolls of remove curse
 J - 2 scrolls of fog
 T - 6 scrolls of enchant armour
 X - a scroll of magic mapping
Potions
 i - 2 potions of stabbing
 o - a potion of berserk rage
 p - 5 potions of cancellation
 q - 4 potions of resistance
 r - 4 potions of flight
 B - 10 potions of curing
 D - 11 potions of brilliance
 K - 4 potions of mutation
 O - 6 potions of magic
 Q - 7 potions of ambrosia
 S - a potion of invisibility
Miscellaneous
 m - 7 boxes of beasts
 y - 10 phantom mirrors
 U - a phial of floods
 V - 12 tins of tremorstones
Comestibles
 c - 65 rations


   Skills:
 O Level 27 Fighting
   Level 0.5(17.4) Short Blades
 O Level 27 Long Blades
   Level 16.5 Maces & Flails
 O Level 27 Throwing
 O Level 27 Armour
 O Level 27 Dodging
 - Level 18.0 Stealth
 + Level 24.5 Shields
 - Level 5.8 Spellcasting
 - Level 8.1 Charms
 - Level 9.5 Translocations
 - Level 13.0 Invocations
 - Level 13.9 Evocations


You had 31 spell levels left.
You knew the following spells:

 Your Spells              Type           Power        Failure   Level  Hunger
a - Lesser Beckoning      Tloc           ###.......   2%          3    ###....
b - Infusion              Chrm           ##..         1%          1    None
c - Blink                 Tloc           N/A          1%          2    ##.....

Your spell library contained the following spells:

 Spells                   Type           Power        Failure   Level  Hunger
 Apportation              Tloc           ###...       1%          1    None
 Shroud of Golubria       Chrm/Tloc      ###...       1%          2    ##.....
 Song of Slaying          Chrm           ##......     1%          2    ##.....
 Gell's Gravitas          Tloc           ###.......   2%          3    ###....
 Teleport Other           Tloc           ###.....     2%          3    ###....
 Swiftness                Chrm/Air       #.......     12%         2    ##.....
 Portal Projectile        Hex/Tloc       #.....       19%         3    ###....
 Recall                   Summ/Tloc      N/A          19%         3    ###....
 Ozocubu's Armour         Chrm/Ice       #.......     24%         3    ###....
 Spectral Weapon          Hex/Chrm       #.......     24%         3    ###....
 Animate Skeleton         Necr           N/A          41%         1    None
 Beastly Appendage        Tmut           #.....       41%         1    None
 Corona                   Hex            #......      41%         1    None
 Foxfire                  Conj/Fire      #...         41%         1    None
 Freeze                   Ice            #...         41%         1    None
 Magic Dart               Conj           #...         41%         1    None
 Pain                     Necr           #...         41%         1    None
 Shock                    Conj/Air       #...         41%         1    None
 Summon Butterflies       Summ           #.......     41%         1    None
 Summon Small Mammal      Summ           #...         41%         1    None
 Iskenderun's Mystic Bla  Conj/Tloc      #.......     52%         4    ####...
 Call Imp                 Summ           #.......     54%         2    ##.....
 Corpse Rot               Necr/Air       N/A          54%         2    ##.....
 Ensorcelled Hibernation  Hex/Ice        #.....       54%         2    ##.....
 Passwall                 Tmut/Erth      #.......     54%         2    ##.....
 Poisonous Vapours        Pois/Air       #.....       54%         2    ##.....
 Searing Ray              Conj           #.....       54%         2    ##.....
 Slow                     Hex            #.......     54%         2    ##.....
 Sticks to Snakes         Tmut           #.......     54%         2    ##.....
 Sublimation of Blood     Necr           #.........   54%         2    ##.....
 Call Canine Familiar     Summ           #.......     80%         3    ###....
 Confusing Touch          Hex            #.......     80%         3    ###....
 Conjure Flame            Conj/Fire      #.......     80%         3    ###....
 Dazzling Flash           Conj/Hex       #.....       80%         3    ###....
 Frozen Ramparts          Ice            #.....       80%         3    ###....
 Ignite Poison            Fire/Tmut/Pois #.......     80%         3    ###....
 Inner Flame              Hex/Fire       #.......     80%         3    ###....
 Mephitic Cloud           Conj/Pois/Air  #.......     80%         3    ###....
 Spider Form              Tmut/Pois      #.........   80%         3    ###....
 Static Discharge         Conj/Air       #.......     80%         3    ###....
 Summon Guardian Golem    Hex/Summ       #.......     80%         3    ###....
 Tukima's Dance           Hex            #.......     80%         3    ###....
 Vampiric Draining        Necr           #.........   80%         3    ###....
 Dispersal                Tloc           ###.......   80%         6    #######
 Summon Forest            Summ/Tloc      #.........   87%         5    ######.
 Excruciating Wounds      Chrm/Necr      #.........   93%         5    ######.
 Iskenderun's Battlesphe  Conj/Chrm      #.......     93%         5    ######.
 Airstrike                Air            #.........   99%         4    ####...
 Animate Dead             Necr           N/A          99%         4    ####...
 Cause Fear               Hex            #.........   99%         4    ####...
 Dispel Undead            Necr           #.......     99%         4    ####...
 Fulminant Prism          Conj/Hex       #.........   99%         4    ####...
 Hailstorm                Conj/Ice       #.......     99%         4    ####...
 Ice Form                 Ice/Tmut       #.......     99%         4    ####...
 Leda's Liquefaction      Hex/Erth       #.........   99%         4    ####...
 Petrify                  Tmut/Erth      #.......     99%         4    ####...
 Sticky Flame             Conj/Fire      #.......     99%         4    ####...
 Summon Ice Beast         Ice/Summ       #.......     99%         4    ####...
 Summon Lightning Spire   Summ/Air       #.......     99%         4    ####...
 Agony                    Necr           #.......     100%        5    ######.
 Alistair's Intoxication  Tmut/Pois      #.......     100%        5    ######.
 Aura of Abjuration       Summ           #.........   100%        5    ######.
 Blade Hands              Tmut           #.........   100%        5    ######.
 Bolt of Magma            Conj/Fire/Erth #.........   100%        5    ######.
 Borgnjor's Vile Clutch   Necr/Erth      #.........   100%        5    ######.
 Fireball                 Conj/Fire      #.........   100%        5    ######.
 Irradiate                Conj/Tmut      #.........   100%        5    ######.
 Lee's Rapid Deconstruct  Erth           #.........   100%        5    ######.
 Lightning Bolt           Conj/Air       #.........   100%        5    ######.
 Metabolic Englaciation   Hex/Ice        #.........   100%        5    ######.
 Silence                  Hex/Air        #.........   100%        5    ######.
 Summon Demon             Summ           #.........   100%        5    ######.
 Summon Mana Viper        Hex/Summ       #.......     100%        5    ######.
 Yara's Violent Unravell  Hex/Tmut       #.........   100%        5    ######.
 Conjure Ball Lightning   Conj/Air       #.........   100%        6    #######
 Darkness                 Hex            #.........   100%        6    #######
 Death Channel            Necr           #.........   100%        6    #######
 Deflect Missiles         Chrm/Air       #.........   100%        6    #######
 Eringya's Noxious Bog    Tmut/Pois      #.........   100%        6    #######
 Freezing Cloud           Conj/Ice/Air   #.........   100%        6    #######
 Hydra Form               Tmut           #.........   100%        6    #######
 Invisibility             Hex            #.......     100%        6    #######
 Iron Shot                Conj/Erth      #.........   100%        6    #######
 Shadow Creatures         Summ           N/A          100%        6    #######
 Simulacrum               Ice/Necr       #.........   100%        6    #######
 Starburst                Conj/Fire      #.........   100%        6    #######
 Statue Form              Tmut/Erth      #........    100%        6    #######
 Haunt                    Necr/Summ      #.........   100%        7    #######
 Malign Gateway           Summ/Tloc      #.........   100%        7    #######
 Monstrous Menagerie      Summ           #.........   100%        7    #######
 Orb of Destruction       Conj           #.........   100%        7    #######
 Ring of Flames           Chrm/Fire      #.........   100%        7    #######
 Spellforged Servitor     Conj/Summ      #.........   100%        7    #######
 Summon Greater Demon     Summ           #.........   100%        7    #######
 Borgnjor's Revivificati  Necr           #.........   100%        8    #######
 Controlled Blink         Tloc           N/A          100%        8    #######
 Death's Door             Chrm/Necr      #.........   100%        8    #######
 Discord                  Hex            #.........   100%        8    #######
 Disjunction              Tloc           ###.......   100%        8    #######
 Ignition                 Fire           #.........   100%        8    #######
 Infestation              Necr           #.........   100%        8    #######
 Necromutation            Tmut/Necr      #.........   100%        8    #######
 Summon Horrible Things   Summ           #.........   100%        8    #######
 Shatter                  Erth           #.........   100%        9    #######
 Tornado                  Air            #.........   100%        9    #######
 Passage of Golubria      Tloc           Unusable     N/A         4    N/A

Dungeon Overview and Level Annotations

Branches:
Dungeon (15/15)            Temple (1/1) D:5            Lair (6/6) D:8
 Shoals (4/4) Lair:4        Snake (4/4) Lair:2        Slime (5/5) Lair:6
    Orc (2/2) D:12            Elf (3/3) Orc:2        Vaults (5/5) D:14
  Crypt (3/3) Vaults:2       Tomb (3/3) Crypt:3      Depths (5/5) D:15
   Hell (visited)             Dis (7/7) Hell            Geh (7/7) Hell
    Coc (7/7) Hell            Tar (7/7) Hell            Zot (5/5) Depths:5
  IceCv (visited)         Gauntlet (visited)

Altars:
Ashenzari
Cheibriados
Dithmenos
Elyvilon
Fedhas
Gozag
Hepliaklqana
Kikubaaqudgha
Makhleb
Nemelex Xobeh
Okawaru
Qazlal
Ru
Sif Muna
Trog
Uskayaw
Vehumet
Wu Jian
Xom
Yredelemnul
Zin
The Shining One

Shops:
D:7 }   Orc:2 =%:=   Snake:3 [   Snake:4 }*=[   Vaults:1 *   Vaults:2 }
Depths:1 *=%(!

Portals:
Hell: Depths:1 Depths:2 Depths:3 Depths:4 Depths:5
Abyss: Depths:1 Depths:3 Depths:4
Pandemonium: Depths:5
Ziggurat: Depths:4

Annotations:
Dis:6 19 runed doors
Dis:7 Dispater
Geh:7 Asmodeus
Coc:7 exclusion: ice statue, Antaeus
Tar:7 exclusion: door, Ereshkigal


Innate Abilities, Weirdness & Mutations

You reflexively headbutt those who attack you in melee.
You have a pair of large horns on your head.
You are partially covered in icy blue scales. (AC +2)
You are mostly covered in iridescent scales. (AC +4)
Scrolls take you longer to read.
You are clumsy. (Dex -2)
You are frail. (-10% HP)
Your magical capacity is low. (-10% MP)
You do not regenerate when monsters are visible.
Your spells are a little easier to cast, but a little less powerful.
You expend magic power (3 MP) to strengthen your wands.


Message History

You riposte.
You slash Huemedgh!
Huemedgh convulses!!
Your headbutt misses Huemedgh.
Huemedgh is moderately wounded.
Unknown command.
You slice the ice devil!!
You kill the ice devil!
Makhleb accepts your kill.
You feel better.
Unknown command.
Huemedgh hits you!! Space bends around you. You block the lich's attack.
Unknown command.
You recover from your berserk rage.
Huemedgh gestures at you.
The spray of metal splinters misses you.
Huemedgh gestures at you. The crystal spear hits you!!!!
There is a staircase leading out of the dungeon here.
The lich points at you and mumbles some strange words.
The bolt of acid misses you.
You have escaped!

#.# ### #.## #.. ####..##
#.. #....#.############ #..
#.##..............#######..
#.##....L..................
#.##....#.+##.....#######..
#.##...##...##....# #..
#.##...#..@..#....# #..
#.##...##...##....# #..
#.##....##'##.....# ###
#.##..............#
#.##..............#
#.##.############## #.##.#
#.##.# #.##.#


You could see a lich.

Vanquished Creatures
  Cerebov (Pan)
  the Royal Jelly (Slime:5)
  2 pandemonium lords (Pan)
  Gloorx Vloq (Pan)
  Mnoleg (Pan)
  Lom Lobon (Pan)
  Khufu (Crypt:3)
  8 orbs of fire
  Mennas (Crypt:3)
  8 ancient liches
  A juggernaut (Depths:3)
  36 greater mummies
  Sojobo (Depths:1)
  16 shard shrikes
  Frederick (Crypt:3)
  Bai Suzhen (Depths:3)
  Boris (twice) (Depths:5 Tomb:1)
  A Killer Klown (Zot:5)
  Geryon (Hell)
  2 caustic shrikes (Depths:3)
  7 curse toes
  Xtahua (Depths:4)
  14 golden dragons
  Nikola (Elf:1)
  9 bone dragons
  Jory (Crypt:1)
  2 pearl dragons (Pan)
  18 Tzitzimimeh
  An iron giant (Dis:7)
  18 Brimstone Fiends
  8 Hell Sentinels
  6 doom hounds
  20 tentacled monstrosities
  16 Ice Fiends
  6 electric golems
  12 liches
  21 Orb Guardians
  12 titans
  21 acid blobs
  10 quicksilver dragons
  4 deep elf blademasters
  A deep elf master archer (Elf:3)
  5 tentacled starspawn
  19 Executioners
  Polyphemus (Shoals:3)
  16 death cobs
  10 ancient champions
  11 shadow dragons
  10 sphinxes
  3 draconian monks (Zot:5)
  Kirke (Lair:5)
  4 tengu reavers
  11 nagarajas
  3 warmongers
  5 draconian knights
  3 revenants
  9 storm dragons
  22 daevas (Pan)
  15 fire giants
  Roxanne (Elf:1)
  2 blood saints (Pan)
  12 azure jellies
  18 frost giants
  13 iron dragons
  8 deep elf sorcerers
  7 draconian scorchers
  Aizul (Elf:1)
  36 balrugs
  2 ghost moths
  15 vault wardens
  11 ghouls
  22 cacodemons
  4 orc warlords
  4 draconian stormcallers
  A juggernaut zombie (Depths:2)
  11 draconian annihilators
  A ghost moth (shapeshifter) (Vaults:5)
  7 draconian shifters
  33 angels (Pan)
  2 curse skulls (Pan)
  6 deep elf elementalists
  3 elemental wellsprings
  26 stone giants
  20 ophanim (Pan)
  26 very ugly things
  23 war gargoyles
  13 bennus
  48 reapers
  3 black suns (Pan)
  An entropy weaver (Vaults:4)
  14 ironheart preservers
  5 vampire knights
  9 deep elf demonologists
  18 black draconians
  11 green draconians
  A minotaur (Gauntlet)
  19 purple draconians
  30 apis (Pan)
  3 corrupters (Pan)
  11 red draconians
  8 spark wasps
  14 deep elf annihilators
  6 starcursed masses
  The ghost of Wemm the Imperceptible, a journeyman SpEn of Gozag (D:13)
  4 merfolk javelineers
  6 white draconians
  9 lorocyprocas
  13 yellow draconians
  4 eidola
  28 blizzard demons
  Snorg (Lair:3)
  7 merfolk impalers
  8 green deaths
  6 jiangshi
  6 fire dragons
  5 death oozes (Slime:5)
  4 quicksilver dragon zombies
  19 ettins
  6 deep elf death magi
  7 deep elf high priests
  4 crystal guardians
  11 yaktaur captains
  Harold (D:8)
  23 mummy priests
  26 vault guards
  3 quicksilver dragon skeletons
  11 great orbs of eyes
  38 ice dragons
  3 hell beasts
  11 hydras
  4 naga warriors (Snake:4)
  4 catoblepae
  A ghost crab (Tar:7)
  8 rakshasas
  7 spriggan air magi
  A catoblepas (shapeshifter) (D:15)
  6 monstrous demonspawn (Pan)
  6 death knights
  13 centaur warriors
  13 anacondas
  12 merfolk aquamancers
  A two-headed ogre (shapeshifter) (D:15)
  4 merfolk avatars
  7 deep troll shamans
  28 dancing weapons
  19 ogre magi
  3 tengu warriors
  A satyr (Shoals:2)
  37 death scarabs
  5 deep troll earth magi
  59 two-headed ogres
  23 death yaks
  14 hell hogs
  A shock serpent (shapeshifter) (Zot:3)
  2 spriggan berserkers
  9 titan zombies
  14 soul eaters
  4 vampire magi
  3 thrashing horrors
  6 naga sharpshooters
  6 holy swine (Pan)
  2 orc high priests
  2 shock serpents (Snake:4)
  6 titan skeletons
  16 deep elf knights
  6 iron golems
  11 small abominations
  2 wretched stars (Abyss:4)
  41 sun demons
  2 salamander mystics
  7 storm dragon zombies
  39 large abominations
  2 spatial maelstroms (Abyss:3)
  5 storm dragon skeletons
  29 hell knights
  2 infernal demonspawn (Pan)
  24 sixfirhies
  114 skeletal warriors
  17 shadow wraiths
  16 cherubim (Pan)
  5 gelid demonspawn
  13 unseen horrors
  17 deep elf archers
  A swamp dragon (Zot:4)
  11 glowing orange brains
  3 ghost moth zombies
  10 anaconda zombies
  12 iron trolls
  The ghost of Divap the Slinger, a novice HaHu of Nemelex Xobeh (D:7)
  2 torturous demonspawn (Pan)
  6 naga ritualists
  11 phantasmal warriors
  14 shadow demons
  A swamp dragon (shapeshifter) (Depths:3)
  30 deep trolls
  16 sea snakes
  A deep troll (shapeshifter) (Depths:4)
  12 wizards
  6 golden dragon zombies
  11 flayed ghosts
  4 golden dragon skeletons
  4 wolf spider zombies
  An unseen horror (shapeshifter) (Vaults:3)
  11 ironbrand convokers
  22 necromancers
  An obsidian statue (Gauntlet)
  8 anaconda skeletons
  Pikel (D:8)
  8 shadow dragon zombies
  A wolf spider (shapeshifter) (Depths:3)
  60 deep elf magi
  A faun (Shoals:3)
  18 harpies
  46 ugly things
  14 orc knights
  2 wolf spiders (Vaults:5)
  9 orc sorcerers
  16 mana vipers
  5 frost giant zombies
  7 iron dragon zombies
  25 cyclopes
  3 stone giant zombies
  12 elephants
  5 fire giant zombies
  4 oklob plants (Lair:4)
  4 shadow dragon skeletons
  7 iron dragon skeletons
  12 salamanders
  7 frost giant skeletons
  13 manticores
  2 manticores (shapeshifter)
  2 shining eyes (Slime:3)
  6 merfolk sirens
  A worldbinder (Abyss:3)
  4 dire elephant zombies
  2 eyes of devastation (Pan)
  26 moths of wrath
  26 black mambas
  A toenail golem (D:10)
  4 water nymphs
  6 fire giant skeletons
  A guardian serpent (shapeshifter) (Depths:4)
  8 guardian serpents
  3 ice statues
  20 rust devils
  A moth of wrath (shapeshifter) (Vaults:1)
  15 vault sentinels
  3 stone giant skeletons
  Psyche (D:8)
  A shock serpent zombie (Coc:7)
  5 molten gargoyles
  8 naga magi
  20 orange demons
  An eye of devastation (shapeshifter) (Elf:1)
  42 smoke demons
  2 gargoyles
  A torpor snail (shapeshifter) (Vaults:1)
  10 spiny frogs
  A storm dragon simulacrum (Tomb:1)
  3 rime drakes
  5 spectral swamp worms (Depths:5)
  8 dire elephant skeletons
  A kobold demonologist (D:11)
  36 yaktaurs
  31 freezing wraiths
  18 hellions
  9 komodo dragons
  20 tormentors
  A white draconian zombie (Coc:7)
  11 demonic crawlers
  A ghost moth simulacrum (Coc:7)
  17 efreet
  34 ice devils
  20 hellwings
  36 red devils
  A komodo dragon (shapeshifter) (D:15)
  8 ancient zymes
  A silent spectre (Tar:7)
  3 harpy zombies
  An anaconda simulacrum (Tomb:3)
  A black draconian skeleton (Crypt:1)
  3 tengu conjurers
  50 guardian mummies
  2 jumping spiders (shapeshifter)
  13 polar bears
  4 meliai (Abyss:4)
  20 wind drakes
  9 bog bodies
  9 hydra zombies
  2 meliai (shapeshifter)
  8 trolls
  A catoblepas skeleton (Pan)
  A queen bee (Abyss:4)
  A death yak skeleton (Crypt:1)
  6 hornets
  A raiju (shapeshifter) (Vaults:5)
  Prince Ribbit (D:8)
  A harpy skeleton (Coc:3)
  A shadow dragon simulacrum (Tomb:2)
  Grinder (D:6)
  11 hydra skeletons
  27 merfolk
  5 ice dragon zombies
  6 snapping turtles
  60 slime creatures
  8 dream sheep
  22 blink frogs
  A frost giant simulacrum (Depths:3)
  13 hippogriffs
  2 spriggan zombies
  7 alligator zombies
  3 ettin zombies (Coc:7)
  A tarantella (Vaults:4)
  2 spriggans (Depths:3)
  125 flying skulls
  8 shadows
  An alligator skeleton (Tomb:3)
  12 ynoxinuls
  Sigmund (D:2)
  A spriggan simulacrum (Depths:2)
  2 fire dragon skeletons
  A fire dragon zombie (Crypt:1)
  4 ice dragon skeletons
  8 ettin skeletons
  34 water elementals
  3 redbacks (Vaults:4)
  A tarantella (shapeshifter) (D:15)
  4 wyverns
  17 wraiths
  29 yaks
  19 ushabtiu
  18 fire elementals
  6 fire bats
  A yak (shapeshifter) (D:15)
  4 golden eyes
  3 hogs (Lair:5)
  12 chaos spawn
  22 humans
  A basilisk (shapeshifter) (Depths:2)
  3 basilisks
  20 neqoxecs
  6 hungry ghosts
  8 wargs
  4 vampire mosquitoes (D:14)
  Menkaure (D:6)
  35 nagas
  2 soldier ants
  An acid dragon (Zot:4)
  2 hydra simulacra
  3 spatial vortices (Abyss:2)
  13 water moccasins
  2 spiny frog zombies
  An acid dragon (shapeshifter) (Vaults:1)
  46 hell hounds
  7 porcupines
  A two-headed ogre skeleton (Crypt:1)
  12 black bears
  2 slaves (D:8)
  6 spiny frog skeletons
  2 manticore zombies
  31 orc warriors
  2 snapping turtle zombies
  21 ice beasts
  6 sky beasts
  Purgy (D:3)
  6 eyes of draining
  17 necrophages
  4 phantoms
  An alligator simulacrum (Coc:3)
  69 ogres
  A wolf (shapeshifter) (Vaults:1)
  13 boggarts
  A swamp dragon zombie (Coc:7)
  11 wolves
  16 centaurs
  A hog zombie (Crypt:1)
  4 snapping turtle skeletons
  A swamp dragon skeleton (Coc:7)
  6 crocodiles
  A manticore skeleton (Coc:7)
  A torpor snail zombie (Crypt:1)
  5 big kobolds
  18 bullfrogs
  A hog skeleton (Crypt:2)
  A wyvern zombie (D:14)
  A gnoll sergeant (D:6)
  3 earth elementals
  An elf skeleton (Tar:5)
  2 spiny frog simulacra
  4 scorpions
  2 wyvern skeletons
  15 killer bees
  5 troll zombies
  60 wights
  10 electric eels
  5 howler monkeys
  A spriggan skeleton (Pan)
  3 bullfrog zombies
  5 centaur zombies
  25 crimson imps
  3 quasits
  5 hounds
  10 jellies
  8 centaur skeletons
  38 orc wizards
  Crazy Yiuf (D:3)
  2 bullfrog skeletons
  A human zombie (Dis:7)
  24 orc priests
  29 iron imps
  Jessica (D:2)
  A human skeleton (Crypt:3)
  16 iguanas
  Terence (D:3)
  Natasha (thrice) (D:3)
  8 worker ants
  An ogre zombie (Dis:7)
  A naga zombie (Geh:7)
  A big kobold skeleton (Crypt:2)
  50 mummies
  2 hound zombies (D:10)
  Robin (D:3)
  A worker ant zombie (Crypt:2)
  12 gnolls
  14 adders
  14 shadow imps
  2 steam dragon skeletons
  21 white imps
  5 ufetubi
  2 oozes
  An adder zombie (D:9)
  3 adder skeletons
  2 worms
  3 dart slugs
  5 leopard geckos
  84 orcs
  4 ball pythons
  A bat skeleton (Crypt:2)
  4 giant cockroaches
  18 goblins
  8 hobgoblins
  31 jackals
  5 quokkas
  10 bats
  3 frilled lizards
  A giant cockroach zombie (D:5)
  23 kobolds
  An orc skeleton (Tar:7)
  A quokka skeleton (D:7)
  6 rats
  4 crawling corpses (Elf:3)
  A lurking horror (Abyss:3)
  3 plants (Shoals:1)
  9 starspawn tentacles
4611 creatures vanquished.

Vanquished Creatures (collateral kills)
  Mara (Depths:1)
  Saint Roka (Snake:2)
  A deep elf blademaster (Elf:3)
  2 deep elf sorcerers (Elf:3)
  A vault warden (Vaults:5)
  An orc warlord (Depths:1)
  An ironheart preserver (Vaults:2)
  2 deep elf elementalists (Elf:3)
  A deep elf demonologist (Elf:3)
  An ettin (Vaults:5)
  A yaktaur captain (Depths:3)
  2 vault guards
  2 deep elf knights (Elf:3)
  An orc knight (Orc:1)
  3 deep elf magi
  2 ugly things (Depths:1)
  A small abomination (Elf:3)
  A red devil (Pan)
  A blink frog (Lair:3)
  An orc warrior (Orc:1)
  An earth elemental (Elf:3)
  An orc wizard (Orc:1)
  An orc (Orc:1)
  3 crawling corpses (Elf:3)
33 creatures vanquished.

Vanquished Creatures (others)
  A greater mummy (Tomb:3)
  A draconian monk (Zot:1)
  A storm dragon (Pan)
  A blood saint (Pan)
  A bennu (Tomb:3)
  A purple draconian (Zot:1)
  A deep troll shaman (Depths:1)
  A hell hog (Dis:1)
  A deep troll earth mage (Depths:1)
  An ugly thing (Depths:1)
  A deep elf mage (Elf:1)
  A hellion (Geh:7)
  A tengu conjurer (Depths:1)
  A blink frog (Lair:6)
  A shadow (Geh:5)
  2 wraiths
  A slave (D:8)
  A spiny frog skeleton (Geh:7)
  A swamp dragon zombie (Geh:7)
  An ogre (Depths:3)
  2 centaurs
  A killer bee (Abyss:4)
  2 iron imps
  3 orc wizards
  3 mummies
  4 white imps (IceCv)
  2 ufetubi (IceCv)
  A jackal (D:8)
  A goblin (D:3)
  3 kobolds
  4 demonic plants (Gauntlet)
  8 fungi
  7 plants
  13 starspawn tentacles
75 creatures vanquished.

Grand Total: 4719 creatures vanquished

Notes
Turn   | Place    | Note
-------+----------+-------------------------------------------
     0 | D:1      | Shadowblade the Minotaur Berserker began the quest for the
                  | Orb.
     0 | D:1      | Reached XP level 1. HP: 19/19 MP: 0/0
   218 | D:1      | Reached XP level 2. HP: 26/27 MP: 1/1
   915 | D:2      | Reached XP level 3. HP: 29/33 MP: 2/2
  1045 | D:2      | Noticed Jessica
  1069 | D:2      | Reached ** piety under Trog
  1226 | D:2      | Reached XP level 4. HP: 20/41 MP: 3/3
  1376 | D:2      | Reached skill level 5 in Maces & Flails
  1417 | D:2      | Noticed Sigmund
  1434 | D:2      | Killed Sigmund
  1434 | D:2      | Reached XP level 5. HP: 19/47 MP: 4/4
  1728 | D:2      | Killed Jessica
  1728 | D:2      | Reached skill level 5 in Fighting
  1728 | D:2      | Reached XP level 6. HP: 33/56 MP: 5/5
  1963 | D:3      | Noticed Terence
  1974 | D:3      | Killed Terence
  1974 | D:3      | Reached skill level 1 in Stealth
  2080 | D:3      | Noticed Natasha
  2088 | D:3      | Noticed Robin
  2092 | D:3      | Killed Natasha
  2096 | D:3      | Killed Robin
  2101 | D:3      | Noticed Purgy
  2372 | D:3      | Killed Purgy
  2409 | D:3      | Noticed Natasha
  2699 | D:3      | Reached *** piety under Trog
  2705 | D:3      | Killed Natasha
  2732 | D:3      | Noticed Natasha
  2736 | D:3      | Killed Natasha
  2736 | D:3      | Reached XP level 7. HP: 41/61 MP: 6/6
  2750 | D:3      | Found a runed translucent door.
  2751 | D:3      | Noticed Crazy Yiuf
  2758 | D:3      | Killed Crazy Yiuf
  4160 | D:5      | Entered Level 5 of the Dungeon
  4231 | D:5      | Found a transporter.
  4254 | D:5      | Found a transporter.
  4454 | D:5      | Found a staircase to the Ecumenical Temple.
  4470 | D:5      | Reached XP level 8. HP: 62/71 MP: 7/7
  4664 | D:5      | Reached skill level 5 in Armour
  4831 | D:5      | Reached **** piety under Trog
  4851 | D:5      | Got a dull robe
  4852 | D:5      | Identified the cursed +1 robe "Zaimnul" {MR+ Str+2} (You
                  | found it on level 5 of the Dungeon)
  5113 | D:6      | Found a stormy altar of Qazlal.
  5181 | D:6      | Noticed Grinder
  5187 | D:6      | Killed Grinder
  5187 | D:6      | Reached skill level 1 in Evocations
  5285 | D:6      | Reached skill level 10 in Maces & Flails
  5285 | D:6      | Reached XP level 9. HP: 42/80 MP: 9/9
  5412 | D:6      | Noticed Menkaure
  5417 | D:6      | Killed Menkaure
  5537 | D:6      | Found a basalt altar of Yredelemnul.
  6051 | D:7      | Noticed Divap's ghost (novice HaHu)
  6058 | D:7      | Found a runed translucent door.
  6065 | D:7      | Found Xossisoi's Gadget Shoppe.
  6132 | D:7      | Killed Divap's ghost
  6196 | D:7      | Reached ***** piety under Trog
  6196 | D:7      | Received a gift from Trog
  6226 | D:7      | Found an iron altar of Okawaru.
  6838 | D:8      | Noticed a troll
  6839 | D:8      | Killed a troll
  6839 | D:8      | Reached XP level 10. HP: 91/91 MP: 10/10
  6850 | D:8      | Noticed Pikel
  6868 | D:8      | Killed Pikel
  6877 | D:8      | Noticed a white ugly thing
  6882 | D:8      | Killed a white ugly thing
  6894 | D:8      | Killed an unseen horror
  7172 | D:8      | Noticed a green ugly thing
  7177 | D:8      | Killed a green ugly thing
  7252 | D:8      | Noticed Prince Ribbit
  7261 | D:8      | Killed Prince Ribbit
  7268 | D:8      | Noticed Psyche
  7275 | D:8      | Killed Psyche
  7313 | D:8      | Got a smoking quarterstaff
  7350 | D:8      | Found a staircase to the Lair.
  7351 | D:8      | Noticed a death yak
  7355 | D:8      | Noticed a death yak
  7355 | D:8      | Noticed a death yak
  7408 | D:8      | Killed a death yak
  7408 | D:8      | Reached skill level 10 in Fighting
  7512 | D:8      | Noticed a death yak
  7593 | D:8      | Killed a death yak
  7593 | D:8      | Reached XP level 11. HP: 99/99 MP: 12/12
  7634 | D:8      | Noticed a death yak
  7646 | D:8      | Killed a death yak
  7650 | D:8      | Killed a death yak
  7650 | D:8      | Reached skill level 10 in Armour
  7653 | D:8      | Killed a death yak
  7675 | D:8      | Received a gift from Trog
  8060 | D:8      | Noticed Harold
  8068 | D:8      | Killed Harold
  8068 | D:8      | Reached skill level 1 in Shields
  8320 | D:9      | Noticed a two-headed ogre
  8327 | D:9      | Killed a two-headed ogre
  8350 | D:9      | Found a glowing golden altar of the Shining One.
  8601 | D:9      | Found an iron altar of Okawaru.
  8602 | D:9      | Noticed a two-headed ogre
  8621 | D:9      | Killed a two-headed ogre
  8621 | D:9      | Reached skill level 15 in Maces & Flails
  8830 | D:10     | Entered Level 10 of the Dungeon
  8959 | D:10     | Received a gift from Trog
  9005 | D:10     | Noticed a two-headed ogre
  9023 | D:10     | Reached skill level 5 in Shields
  9028 | D:10     | Killed a two-headed ogre
  9042 | D:10     | Reached XP level 12. HP: 80/110 MP: 14/14
 10005 | D:11     | Received a gift from Trog
 10586 | D:12     | Reached skill level 10 in Shields
 10810 | D:12     | Found a staircase to the Orcish Mines.
 10960 | D:12     | Noticed a death knight
 10972 | D:12     | Killed a death knight
 11442 | D:13     | Noticed a seven-headed hydra
 11452 | D:13     | Killed a seven-headed hydra
 11685 | D:13     | Received a gift from Trog
 11685 | D:13     | Reached XP level 13. HP: 119/119 MP: 15/15
 12173 | D:13     | Found a runed translucent door.
 12277 | D:13     | Noticed Wemm's ghost (journeyman SpEn)
 12473 | D:13     | Killed Wemm's ghost
 12734 | Lair:1   | Entered Level 1 of the Lair of Beasts
 13433 | Lair:1   | Identified the Catalogue of Changing and the Arsonist
 13649 | Lair:2   | Found a staircase to the Snake Pit.
 13969 | Lair:2   | Received a gift from Trog
 14431 | Lair:3   | Noticed Snorg
 14446 | Lair:3   | Killed Snorg
 14659 | Lair:3   | Identified a scroll of acquirement
 14659 | Lair:3   | Identified the amulet of Mozxibac {Spirit rC+ Int+5 Dex+3}
                  | (You acquired it on level 3 of the Lair of Beasts)
 14659 | Lair:3   | Identified the +3 buckler "Rall" {Regen+ Str+3} (You
                  | acquired it on level 3 of the Lair of Beasts)
 14978 | Lair:4   | Reached XP level 14. HP: 123/129 MP: 14/16
 14989 | Lair:4   | Found a frozen archway.
 15025 | Lair:4   | Reached skill level 15 in Shields
 15037 | IceCv    | Entered an ice cave
 15066 | IceCv    | Received a gift from Trog
 15373 | IceCv    | Noticed a reaper
 15382 | IceCv    | Killed a reaper
 15397 | IceCv    | Found the +10 zealot's sword {holy, *Rage rN+ EV+3}
 15590 | Lair:4   | Reached skill level 1 in Long Blades
 15873 | Lair:4   | Found a staircase to the Shoals.
 16668 | Lair:5   | Reached skill level 15 in Fighting
 16668 | Lair:5   | Reached skill level 5 in Long Blades
 16984 | Lair:6   | Entered Level 6 of the Lair of Beasts
 17039 | Lair:6   | Received a gift from Trog
 17076 | Lair:6   | Reached skill level 5 in Evocations
 17141 | Lair:6   | Found a staircase to the Slime Pits.
 17489 | Lair:6   | Noticed Kirke
 17677 | Lair:5   | Killed Kirke
 17677 | Lair:5   | Reached skill level 5 in Dodging
 17813 | Lair:6   | Reached XP level 15. HP: 137/143 MP: 15/17
 18379 | Orc:1    | Entered Level 1 of the Orcish Mines
 18393 | Orc:1    | Received a gift from Trog
 18477 | Orc:1    | Noticed an orc warlord
 18488 | Orc:1    | Noticed an orc warlord
 18495 | Orc:1    | Killed an orc warlord
 18511 | Orc:1    | Killed an orc warlord
 18515 | Orc:1    | Received a gift from Trog
 18956 | Orc:2    | Entered Level 2 of the Orcish Mines
 19225 | Orc:2    | Found Bompeqy's Jewellery Emporium.
 19225 | Orc:2    | Found Doshref's Jewellery Shoppe.
 19225 | Orc:2    | Found Uhemm's Book Shoppe.
 19234 | Orc:2    | Found Ugeanach's Food Emporium.
 19238 | Orc:2    | Bought the ring of Knowledge {rF+ rC+ rN+ MR+} for 652 gold
                  | pieces
 19431 | Orc:2    | Found a staircase to the Elven Halls.
 19432 | Orc:2    | Noticed an orc warlord
 19474 | Orc:2    | Killed an orc warlord
 19481 | Orc:2    | Received a gift from Trog
 20016 | D:14     | Found a gate leading to a gauntlet.
 20025 | Gauntlet | Entered a Gauntlet
 20025 | Gauntlet | Found a transporter.
 20028 | Gauntlet | Found a large runed translucent door.
 20029 | Gauntlet | Found a large runed translucent door.
 20030 | Gauntlet | Found a large runed translucent door.
 20030 | Gauntlet | Found a large runed translucent door.
 20030 | Gauntlet | Found a runed translucent door.
 20030 | Gauntlet | Found a runed translucent door.
 20031 | Gauntlet | Found a large runed translucent door.
 20032 | Gauntlet | Found a large runed translucent door.
 20033 | Gauntlet | Found a large runed translucent door.
 20033 | Gauntlet | Found a large runed translucent door.
 20034 | Gauntlet | Found a runed translucent gate.
 20034 | Gauntlet | Found a runed translucent gate.
 20034 | Gauntlet | Found a runed translucent gate.
 20036 | Gauntlet | Found a transporter.
 20045 | Gauntlet | Found a large runed translucent door.
 20045 | Gauntlet | Found a large runed translucent door.
 20046 | Gauntlet | Found a large runed translucent door.
 20047 | Gauntlet | Found a large runed translucent door.
 20051 | Gauntlet | Found a transporter.
 20056 | Gauntlet | Found a transporter.
 20075 | Gauntlet | Found a transporter.
 20095 | Gauntlet | Found a transporter.
 20107 | Gauntlet | Found a transporter.
 20119 | Gauntlet | Found a transporter.
 20131 | Gauntlet | Found a transporter.
 20143 | Gauntlet | Found a transporter.
 20161 | Gauntlet | Found a transporter.
 20178 | Gauntlet | Found a transporter.
 20180 | Gauntlet | Found a transporter.
 20214 | Gauntlet | Found a transporter.
 20214 | Gauntlet | Found a transporter.
 20216 | Gauntlet | Found a transporter.
 20244 | Gauntlet | Found a large runed translucent door.
 20244 | Gauntlet | Found a large runed translucent door.
 20245 | Gauntlet | Found a large runed translucent door.
 20246 | Gauntlet | Found a large runed translucent door.
 20248 | Gauntlet | Found a transporter.
 20250 | Gauntlet | Found a transporter.
 20408 | Gauntlet | Got a pair of faintly glowing gloves
 20414 | Gauntlet | Identified the +1 pair of gloves of Semn {rElec} (You found
                  | it in a Gauntlet)
 20823 | D:14     | Received a gift from Trog
 20943 | D:14     | Found a gate to the Vaults.
 21121 | D:14     | Found a shimmering blue altar of Sif Muna.
 21169 | D:14     | Reached skill level 10 in Long Blades
 21197 | D:14     | You fall into a shaft and drop 1 floor!
 21197 | D:15     | Entered Level 15 of the Dungeon
 21883 | D:15     | Received a gift from Trog
 21889 | D:15     | Reached XP level 16. HP: 92/157 MP: 12/18
 22140 | D:15     | Found a staircase to the Depths.
 22184 | D:15     | Identified the +3 scale mail "Gist" {MP+9 Dex+4} (You found
                  | it on level 15 of the Dungeon)
 22781 | Snake:1  | Entered Level 1 of the Snake Pit
 22815 | Snake:1  | Identified the cursed +1 ring mail "Etwakine" {*Drain rF+++
                  | Dex-5 Stlth+} (You found it on level 1 of the Snake Pit)
 23176 | Snake:1  | Received a gift from Trog
 23199 | Snake:1  | Got an iridescent morningstar {god gift}
 23200 | Snake:1  | Identified the +3 morningstar of Inference {vorpal, +Inv
                  | rN+ MR- Dex+3} (Trog gifted it to you on level 1 of the
                  | Snake Pit)
 23552 | Snake:2  | Noticed Saint Roka
 23760 | Snake:2  | Killed Saint Roka
 23906 | Snake:2  | Found a bloodstained altar of Trog.
 23951 | Snake:2  | Received a gift from Trog
 24211 | Snake:3  | Found Fooklu's Antique Armour Boutique.
 24228 | Snake:3  | Bought a faintly humming kite shield for 313 gold pieces
 24245 | Snake:3  | Identified the +6 kite shield "Tiathrer" {rElec rN+} (You
                  | bought it in a shop on level 3 of the Snake Pit)
 24245 | Snake:3  | Bought an ancient plate armour for 924 gold pieces
 24245 | Snake:3  | Identified the +5 plate armour "Niob" {rC+ rCorr} (You
                  | bought it in a shop on level 3 of the Snake Pit)
 24744 | Snake:4  | Entered Level 4 of the Snake Pit
 24777 | Snake:4  | Found Pyas's Gadget Emporium.
 24795 | Snake:4  | Found Eluxzite's Jewellery Emporium.
 24848 | Snake:4  | Found Dakoosy's Antique Armour Boutique.
 24856 | Snake:4  | Bought a pair of embroidered boots for 225 gold pieces
 25227 | Snake:4  | Found Kafuviu's Assorted Antiques.
 25235 | Snake:4  | Bought a scroll of identify for 78 gold pieces
 25235 | Snake:4  | Bought a scroll of identify for 78 gold pieces
 25336 | Snake:4  | Reached XP level 17. HP: 151/169 MP: 17/20
 25570 | Snake:4  | Received a gift from Trog
 26431 | Snake:4  | Reached skill level 15 in Long Blades
 26657 | Snake:4  | Got a serpentine rune of Zot
 27228 | Vaults:1 | Entered Level 1 of the Vaults
 27261 | Vaults:1 | Received a gift from Trog
 27596 | Vaults:1 | Reached XP level 18. HP: 168/180 MP: 21/21
 27751 | Vaults:1 | Found Quseos's General Store.
 27777 | Vaults:1 | Received a gift from Trog
 27780 | Vaults:1 | Identified the +10 eveningstar "Zeleyf" {antimagic, rC- MR-
                  | Int+9 Stlth+} (Trog gifted it to you on level 1 of the
                  | Vaults)
 27783 | Vaults:1 | Bought a potion of heal wounds for 65 gold pieces
 29075 | Vaults:2 | Found Lavuem's Gadget Boutique.
 29191 | Vaults:2 | Received a gift from Trog
 29240 | Vaults:2 | Reached ****** piety under Trog
 29842 | Vaults:2 | Found a staircase to the Crypt.
 29842 | Vaults:2 | Found an ancient bone altar of Kikubaaqudgha.
 29843 | Vaults:2 | Found a basalt altar of Yredelemnul.
 30046 | Vaults:2 | Received a gift from Trog
 30223 | Vaults:2 | Reached skill level 10 in Dodging
 30464 | Vaults:3 | Reached skill level 15 in Armour
 30546 | Vaults:3 | Reached XP level 19. HP: 164/187 MP: 24/24
 30592 | Vaults:3 | Found a flickering gateway to a bazaar.
 30600 | Bazaar   | Entered a bazaar
 30607 | Bazaar   | Found Hiopukol's Distillery.
 30611 | Bazaar   | Found Xafaen's Antique Armour Emporium.
 30615 | Bazaar   | Found Canoc's Jewellery Boutique.
 30630 | Bazaar   | Found Zeyl's Jewellery Shoppe.
 30665 | Bazaar   | Bought a potion of resistance for 130 gold pieces
 30665 | Bazaar   | Bought 2 potions of haste for 260 gold pieces
 30665 | Bazaar   | Bought a potion of curing for 39 gold pieces
 30665 | Bazaar   | Bought a potion of resistance for 130 gold pieces
 30812 | Vaults:3 | Received a gift from Trog
 32207 | Elf:1    | Entered Level 1 of the Elven Halls
 32262 | Elf:1    | Noticed Aizul
 32371 | Elf:1    | Received a gift from Trog
 32385 | Elf:1    | Killed Aizul
 32599 | Elf:1    | Noticed Nikola
 32631 | Elf:1    | Killed Nikola
 32799 | Elf:1    | Identified Roxanne's Grimoire of Transformation
 32799 | Elf:1    | Noticed Roxanne
 32842 | Elf:1    | Killed Roxanne
 32842 | Elf:1    | Received a gift from Trog
 33446 | Elf:2    | Reached skill level 10 in Evocations
 33732 | Elf:2    | Found a radiant altar of Vehumet.
 33743 | Elf:2    | Found a runed translucent gate.
 33743 | Elf:2    | Found a runed translucent gate.
 33743 | Elf:2    | Found a runed translucent gate.
 33790 | Elf:2    | Received a gift from Trog
 34277 | Elf:2    | Reached XP level 20. HP: 191/195 MP: 26/26
 34503 | Elf:3    | Entered Level 3 of the Elven Halls
 34811 | Elf:3    | Received a gift from Trog
 34818 | Elf:3    | Identified the +3 double sword of Trog's Vengeance
                  | {antimagic, +Blink Int+2} (Trog gifted it to you on level 3
                  | of the Elven Halls)
 35376 | Elf:3    | Received a gift from Trog
 35628 | Elf:3    | Identified the Guide on Scorching Malediction
 35638 | Elf:3    | Identified Pimposy's Almanac of Weightlessness and
                  | Confrontation
 35753 | Elf:3    | Identified the amulet "Tofiaj" {Faith +Inv rPois Str-3
                  | Int+4} (You found it on level 3 of the Elven Halls)
 36175 | Depths:1 | Entered Level 1 of the Depths
 36430 | Depths:1 | Received a gift from Trog
 36441 | Depths:1 | Found a gateway to Hell.
 36581 | Depths:1 | Noticed Mara
 36595 | Depths:1 | Killed Mara
 36613 | Depths:1 | Noticed Sojobo
 36908 | Depths:1 | Found Meddobeal's General Store.
 36910 | Depths:1 | Found Fanuf's Food Boutique.
 36910 | Depths:1 | Found Mosipp's Jewellery Shop.
 36913 | Depths:1 | Found Pacel Qoj's Weapon Boutique.
 36928 | Depths:1 | Bought the amulet of the Four Winds {rN+ MR+++ Clar} for
                  | 658 gold pieces
 36928 | Depths:1 | Found the amulet of the Four Winds {rN+ MR+++ Clar}
 36935 | Depths:1 | Bought a scroll of enchant armour for 127 gold pieces
 37038 | Depths:1 | Found Suoshrapo's Distillery.
 37066 | Depths:1 | Found a one-way gate to the infinite horrors of the Abyss.
 37460 | Depths:1 | Killed Sojobo
 37460 | Depths:1 | Reached XP level 21. HP: 197/202 MP: 28/28
 37670 | Depths:2 | Received a gift from Trog
 38476 | Depths:2 | Found a sparkling altar of Nemelex Xobeh.
 38516 | Depths:2 | Received a gift from Trog
 39587 | Depths:3 | Noticed Bai Suzhen
 39630 | Depths:3 | Killed Bai Suzhen
 39899 | Depths:3 | Received a gift from Trog
 40058 | Depths:3 | Noticed a caustic shrike
 40134 | Depths:3 | Killed a caustic shrike
 40318 | Depths:3 | Noticed a caustic shrike
 40324 | Depths:3 | Killed a caustic shrike
 40405 | Depths:3 | Reached XP level 22. HP: 200/211 MP: 30/30
 40414 | Depths:3 | Noticed a juggernaut
 40431 | Depths:3 | Killed a juggernaut
 40718 | Depths:3 | You fall into a shaft and drop 2 floors!
 40718 | Depths:5 | Entered Level 5 of the Depths
 41209 | Depths:3 | Received a gift from Trog
 41367 | Depths:4 | Noticed Xtahua
 41401 | Depths:4 | Killed Xtahua
 42038 | Depths:4 | Found a gateway to a ziggurat.
 42749 | Depths:5 | Received a gift from Trog
 42858 | Depths:5 | Found a one-way gate leading to the halls of Pandemonium.
 42979 | Depths:5 | Noticed a golden dragon
 43003 | Depths:5 | Killed a golden dragon
 43404 | Depths:5 | Noticed a golden dragon
 43522 | Depths:5 | Killed a golden dragon
 43525 | Depths:5 | Noticed a golden dragon
 43536 | Depths:5 | Killed a golden dragon
 43539 | Depths:5 | Found a gate to the Realm of Zot.
 43689 | Depths:5 | Noticed Boris
 43701 | Depths:5 | Killed Boris
 43934 | Hell     | Entered the Vestibule of Hell
 43934 | Hell     | Noticed Geryon
 44039 | Hell     | Reached XP level 23. HP: 165/218 MP: 32/32
 44084 | Hell     | Received a gift from Trog
 44104 | Hell     | Killed Geryon
 44288 | Hell     | Found a gateway to the Iron City of Dis.
 44456 | Hell     | Found a gateway to the freezing wastes of Cocytus.
 44495 | Hell     | Received a gift from Trog
 44590 | Hell     | Found a gateway to the ashen valley of Gehenna.
 44809 | Hell     | Found a gateway to the decaying netherworld of Tartarus.
 45332 | Temple   | Entered the Ecumenical Temple
 45388 | Temple   | Fell from the grace of Trog
 45388 | Temple   | Became a worshipper of Makhleb the Destroyer
 46036 | Orc:2    | Learned a level 3 spell: Lesser Beckoning
 46231 | Crypt:1  | Entered Level 1 of the Crypt
 46265 | Crypt:1  | Noticed Jory
 46271 | Crypt:1  | Killed Jory
 46276 | Crypt:1  | Reached skill level 1 in Translocations
 46282 | Crypt:1  | Reached skill level 1 in Spellcasting
 46362 | Crypt:1  | Paralysed by Trog for 4 turns
 46571 | Crypt:1  | Reached * piety under Makhleb
 46849 | Crypt:1  | You fall into a shaft and drop 1 floor!
 47548 | Crypt:2  | Reached ** piety under Makhleb
 48022 | Crypt:2  | Learned a level 1 spell: Infusion
 48257 | Crypt:3  | Entered Level 3 of the Crypt
 48295 | Crypt:3  | Reached skill level 5 in Translocations
 48318 | Crypt:3  | Reached *** piety under Makhleb
 48418 | Crypt:3  | Reached skill level 5 in Spellcasting
 48546 | Crypt:3  | Found a basalt altar of Yredelemnul.
 48546 | Crypt:3  | Noticed an ancient lich
 48551 | Crypt:3  | Killed an ancient lich
 48551 | Crypt:3  | Reached XP level 24. HP: 226/226 MP: 32/32
 48557 | Crypt:3  | Noticed Khufu
 48557 | Crypt:3  | Noticed a greater mummy
 48557 | Crypt:3  | Noticed a greater mummy
 48958 | Crypt:3  | Noticed Frederick
 49064 | Crypt:3  | Identified the ring of Wonder {rN+ Int+4}
 49085 | Crypt:3  | Killed a greater mummy
 49085 | Crypt:3  | Reached skill level 1 in Charms
 49315 | Crypt:3  | Paralysed by Trog for 4 turns
 49330 | Crypt:3  | Noticed Mennas
 49364 | Crypt:3  | Killed Frederick
 49372 | Crypt:3  | Reached **** piety under Makhleb
 49411 | Crypt:3  | Identified the +1 pair of gloves "Qavuepli" {rN+} (You
                  | acquired it on level 3 of the Crypt)
 49630 | Crypt:3  | Identified the ring "Kupryrgh" {rElec rF+ rN+}
 49644 | Crypt:3  | Identified the ring "Vome" {*Drain rPois rF++ rN+ Str+3}
 49714 | Crypt:3  | Killed Khufu
 49714 | Crypt:3  | Reached skill level 5 in Charms
 49733 | Crypt:3  | Killed a greater mummy
 49985 | Crypt:3  | HP: 7/226 [Mennas/+0 trishula of holy wrath (8)]
 50540 | Crypt:3  | Killed Mennas
 50669 | Crypt:3  | Found a staircase to the Tomb.
 51208 | Shoals:1 | Entered Level 1 of the Shoals
 51287 | Shoals:1 | Reached ***** piety under Makhleb
 52313 | Shoals:3 | Noticed Polyphemus
 52473 | Shoals:4 | Entered Level 4 of the Shoals
 52675 | Shoals:4 | Reached skill level 1 in Throwing
 52679 | Shoals:4 | Identified the cursed -6 kite shield of Pojichium {Stlth+}
                  | (You found it on level 4 of the Shoals)
 52908 | Shoals:4 | Reached ****** piety under Makhleb
 53161 | Shoals:4 | Reached skill level 5 in Throwing
 53229 | Shoals:4 | Got a barnacled rune of Zot
 53788 | Shoals:3 | Killed Polyphemus
 54872 | Lair:6   | Learned a level 2 spell: Blink
 55217 | Depths:1 | Bought a book of Enchantments for 850 gold pieces
 55217 | Depths:1 | Bought a potion of might for 68 gold pieces
 55886 | Vaults:4 | Reached XP level 25. HP: 223/234 MP: 32/32
 56384 | Vaults:4 | Reached skill level 10 in Throwing
 56927 | Vaults:5 | Entered Level 5 of the Vaults
 57233 | Vaults:5 | Noticed an ancient lich
 57241 | Vaults:5 | Killed an ancient lich
 57323 | Vaults:5 | Reached skill level 1 in Invocations
 57607 | Vaults:5 | Got a silver rune of Zot
 57684 | Vaults:5 | Reached skill level 5 in Invocations
 57947 | Vaults:5 | Found the +0 pair of fencer's gloves {Riposte Dex+3}
 57953 | Vaults:5 | Identified the +9 shadow dragon scales of Defiance {rElec
                  | rC- SInv Stlth++++} (You found it on level 5 of the Vaults)
 58287 | Vaults:5 | Reached skill level 15 in Throwing
 58353 | Vaults:5 | Identified the +8 long sword "Caod" {vamp, rC+ rN+}
 58393 | Vaults:5 | Identified the cursed +1 fustibalus of the Desolation of
                  | Salt {freeze, +Inv rElec MR- Int+3}
 58407 | Vaults:5 | Reached XP level 26. HP: 225/242 MP: 32/32
 58560 | Vaults:5 | Identified the Incunabulum of Torrid Evil
 58752 | Vaults:5 | Identified the +6 dagger of the Firefly {flame, +Fly rC+
                  | MR+} (You found it on level 5 of the Vaults)
 58756 | Vaults:5 | Identified the +3 leather armour "Xuppylo" {rPois Dex+2
                  | Slay+3} (You found it on level 5 of the Vaults)
 59074 | Depths:1 | Voluntarily entered the Abyss.
 59974 | Abyss:4  | Got an abyssal rune of Zot
 60021 | Abyss:5  | Entered Level 5 of the Abyss
 60037 | Abyss:5  | Identified the +0 crystal plate armour of Weightlessness
                  | {-Tele rCorr Dex+5} (You acquired it on level 5 of the
                  | Abyss)
 60132 | Depths:1 | Escaped the Abyss
 60260 | Zot:1    | Entered Level 1 of the Realm of Zot
 61853 | Zot:1    | Noticed an orb of fire
 61859 | Zot:1    | Gained mutation: You are dopey. (Int -2) [an orb of fire]
 61867 | Zot:1    | Gained mutation: You are frail. (-10% HP) [an orb of fire]
 61890 | Zot:1    | Gained mutation: You tend to lose your temper in combat.
                  | [an orb of fire]
 61891 | Zot:1    | Killed an orb of fire
 62446 | Zot:2    | HP: 10/217 [deep troll[the rage of Trog] (13)]
 62454 | Zot:2    | HP: 8/217 [black draconian/bolt of lightning (6)]
 62454 | Zot:2    | HP: 2/217 [black draconian/bolt of lightning (6)]
 62934 | Zot:2    | Paralysed by Trog for 2 turns
 62972 | Zot:2    | Reached XP level 27. HP: 224/224 MP: 16/32
 63937 | Zot:3    | Identified the -1 pair of gloves "Ivvuejageck" {+Fly rF+
                  | Str+2} (You acquired it on level 3 of the Realm of Zot)
 63937 | Zot:3    | Identified the amulet "Emaseciy" {rC+ Regen+} (You acquired
                  | it on level 3 of the Realm of Zot)
 63946 | Zot:3    | Identified the +2 kite shield of Syndicalism {Int+4 Dex+2}
                  | (You found it on level 3 of the Realm of Zot)
 64531 | Zot:3    | Was forgiven by Trog
 65012 | Zot:3    | Identified the +9 morningstar of Cataclysm {elec, rElec rC-
                  | Int+5 Dex+2} (You found it on level 3 of the Realm of Zot)
 65780 | Zot:4    | Lost mutation: You are dopey. (Int -2) [potion of mutation]
 65780 | Zot:4    | Lost mutation: You tend to lose your temper in combat.
                  | [potion of mutation]
 65780 | Zot:4    | Lost mutation: You are frail. (-10% HP) [potion of
                  | mutation]
 65780 | Zot:4    | Gained mutation: You are partially covered in thin metallic
                  | scales. (AC +2) [potion of mutation]
 65780 | Zot:4    | Gained mutation: Your spells are a little harder to cast,
                  | but a little more powerful. [potion of mutation]
 66345 | Zot:5    | Entered Level 5 of the Realm of Zot
 66453 | Zot:5    | Noticed an orb of fire
 66466 | Zot:5    | Gained mutation: Scrolls take you a little longer to read.
                  | [an orb of fire]
 66472 | Zot:5    | Noticed an orb of fire
 66760 | Pan      | Entered Pandemonium
 67246 | Pan      | Noticed Mibrecig the pandemonium lord
 67270 | Pan      | Killed Mibrecig the pandemonium lord
 67693 | Pan      | Noticed Axaer the pandemonium lord
 67716 | Pan      | Killed Axaer the pandemonium lord
 67965 | Pan      | Entered the realm of Lom Lobon.
 68054 | Pan      | Reached skill level 27 in Fighting
 69126 | Pan      | Reached skill level 15 in Dodging
 69172 | Pan      | Noticed Lom Lobon
 69178 | Pan      | Got a magical rune of Zot
 69216 | Pan      | Killed Lom Lobon
 69568 | Pan      | Found an exit through the horrors of the Abyss.
 69620 | Pan      | Entered the realm of Cerebov.
 70271 | Pan      | Identified the cursed +0 battleaxe of Vuhixt {vorpal, MR++
                  | Str+6}
 70598 | Pan      | Identified the amulet "Mickebizo" {Spirit Dex+4}
 70608 | Pan      | Identified the +6 sword of Cerebov {flame}
 70608 | Pan      | Noticed Cerebov
 70682 | Pan      | Killed Cerebov
 70682 | Pan      | Reached skill level 5 in Stealth
 71100 | Pan      | Identified the Catalogue of Vitriolic Lightness
 71205 | Pan      | Got a fiery rune of Zot
 71284 | Pan      | Entered the realm of Mnoleg.
 71544 | Pan      | Gained mutation: You tend to lose your temper in combat. [a
                  | neqoxec]
 71739 | Pan      | Lost mutation: Your spells are a little harder to cast, but
                  | a little more powerful. [a neqoxec]
 72377 | Pan      | Gained mutation: You occasionally shout uncontrollably at
                  | your foes. [a neqoxec]
 72380 | Pan      | Gained mutation: Your body sometimes deteriorates upon
                  | taking damage. [a neqoxec]
 72461 | Pan      | Gained mutation: Armour fits poorly on your strangely
                  | shaped body. [a cacodemon]
 72467 | Pan      | Reached skill level 10 in Invocations
 72470 | Pan      | Gained mutation: Your body often deteriorates upon taking
                  | damage. [a cacodemon]
 72514 | Pan      | Gained mutation: You are weak. (Str -2) [a cacodemon]
 72518 | Pan      | Gained mutation: Potions are less effective at restoring
                  | your health. [a cacodemon]
 72522 | Pan      | Lost mutation: You occasionally shout uncontrollably at
                  | your foes. [potion of mutation]
 72522 | Pan      | Lost mutation: Your body often deteriorates upon taking
                  | damage. [potion of mutation]
 72522 | Pan      | Lost mutation: Your body sometimes deteriorates upon taking
                  | damage. [potion of mutation]
 72522 | Pan      | Gained mutation: You have a pair of large horns on your
                  | head. [potion of mutation]
 72522 | Pan      | Gained mutation: Scrolls take you longer to read. [potion
                  | of mutation]
 72522 | Pan      | Lost mutation: You are weak. (Str -2) [potion of mutation]
 72523 | Pan      | Lost mutation: Scrolls take you longer to read. [potion of
                  | mutation]
 72523 | Pan      | Lost mutation: Armour fits poorly on your strangely shaped
                  | body. [potion of mutation]
 72523 | Pan      | Lost mutation: Potions are less effective at restoring your
                  | health. [potion of mutation]
 72523 | Pan      | Lost mutation: You tend to lose your temper in combat.
                  | [potion of mutation]
 72523 | Pan      | Gained mutation: You are resistant to electric shocks.
                  | (rElec) [potion of mutation]
 72523 | Pan      | Gained mutation: You are weak. (Str -2) [potion of
                  | mutation]
 72523 | Pan      | Lost mutation: You are weak. (Str -2) [potion of mutation]
 72595 | Pan      | Noticed Mnoleg
 72610 | Pan      | Killed Mnoleg
 72710 | Pan      | Gained mutation: You are frail. (-10% HP) [a cacodemon]
 72720 | Pan      | Gained mutation: Scrolls take you longer to read. [a
                  | neqoxec]
 72734 | Pan      | Got a glowing rune of Zot
 72760 | Pan      | Gained mutation: Your magical capacity is low. (-10% MP) [a
                  | neqoxec]
 72913 | Pan      | Gained mutation: You are clumsy. (Dex -2) [a cacodemon]
 74022 | Pan      | Found a white marble altar of Elyvilon.
 75441 | Pan      | Identified the cursed -5 tower shield "Luxkyukke" {Int+3}
 76242 | Pan      | Found a glowing silver altar of Zin.
 76766 | Pan      | Identified the amulet "Wocuimmo" {Gourm rElec rC+ MR+
                  | Dex-4}
 76766 | Pan      | Noticed a seraph
 77210 | Pan      | Identified the cursed +0 tower shield "Vijix" {rElec}
 77211 | Pan      | Identified the +5 morningstar of Netiguc {antimagic, +Inv
                  | rElec}
 77211 | Pan      | Identified the ring "Alliqykay" {Fire Int+3 Dex+4}
 77214 | Pan      | Found a glowing golden altar of the Shining One.
 77281 | Pan      | Got a demonic rune of Zot
 77451 | Pan      | Identified the cursed +0 tower shield of the Tick {rF+ rC+
                  | Str+4 Dex-4}
 77644 | Pan      | Entered the realm of Gloorx Vloq.
 77720 | Pan      | Found an exit through the horrors of the Abyss.
 78747 | Pan      | Noticed Gloorx Vloq
 79252 | Pan      | Killed Gloorx Vloq
 79268 | Pan      | Got a dark rune of Zot
 79592 | Depths:5 | Escaped Pandemonium
 80004 | Slime:1  | Entered Level 1 of the Pits of Slime
 80463 | Slime:3  | Gained mutation: Your magical capacity is very low. (-20%
                  | MP) [a shining eye]
 80465 | Slime:3  | Gained mutation: You are very frail. (-20% HP) [a shining
                  | eye]
 80594 | Slime:5  | Entered Level 5 of the Pits of Slime
 80625 | Slime:5  | Noticed the Royal Jelly
 80660 | Slime:5  | Killed the Royal Jelly
 80660 | Slime:5  | Reached skill level 10 in Stealth
 80712 | Slime:5  | Identified the +0 tower shield "Fejoging" {rN+ SInv} (You
                  | acquired it on level 5 of the Pits of Slime)
 80712 | Slime:5  | Identified the Catalogue of the Compass (You acquired it on
                  | level 5 of the Pits of Slime)
 80768 | Slime:5  | Identified the Reference Book on Freezing Combat Magic
 80780 | Slime:5  | Identified the +6 plate armour of the City {rElec rPois
                  | MR-} (You found it on level 5 of the Pits of Slime)
 80798 | Slime:5  | Identified the Catalogue of the Toxic Rocks
 80801 | Slime:5  | Got a slimy rune of Zot
 81121 | Snake:4  | Bought a potion of berserk rage for 195 gold pieces
 81492 | Depths:1 | Bought a potion of berserk rage for 110 gold pieces
 81492 | Depths:1 | Bought a potion of invisibility for 176 gold pieces
 81492 | Depths:1 | Bought a potion of haste for 220 gold pieces
 81492 | Depths:1 | Bought a potion of berserk rage for 110 gold pieces
 81492 | Depths:1 | Bought a potion of curing for 66 gold pieces
 81492 | Depths:1 | Bought a potion of curing for 66 gold pieces
 81492 | Depths:1 | Bought a potion of berserk rage for 110 gold pieces
 81492 | Depths:1 | Bought a potion of resistance for 220 gold pieces
 81492 | Depths:1 | Bought a potion of curing for 66 gold pieces
 81492 | Depths:1 | Bought a potion of flight for 66 gold pieces
 81825 | Tomb:1   | Entered Level 1 of the Tomb of the Ancients
 82152 | Tomb:1   | Identified the +8 morningstar of Katwee {freeze, rF+ rN+
                  | Int+2} (You found it on level 1 of the Tomb of the
                  | Ancients)
 82323 | Tomb:1   | Noticed a greater mummy
 82335 | Tomb:1   | Killed a greater mummy
 82337 | Tomb:1   | Noticed a greater mummy
 82365 | Tomb:1   | Killed a greater mummy
 82433 | Tomb:1   | Noticed a greater mummy
 82437 | Tomb:1   | Noticed a greater mummy
 82448 | Tomb:1   | Killed a greater mummy
 82675 | Tomb:1   | Killed a greater mummy
 83250 | Tomb:2   | Noticed a greater mummy
 83251 | Tomb:2   | Noticed Boris
 83251 | Tomb:2   | Noticed a greater mummy
 83254 | Tomb:2   | Noticed a greater mummy
 83279 | Tomb:1   | Gained mutation: Your magical capacity is extremely low.
                  | (-30% MP) [mutagenic glow]
 83282 | Tomb:1   | Killed Boris
 83617 | Tomb:2   | Noticed a greater mummy
 84530 | Coc:1    | Entered Level 1 of Cocytus
 85035 | Coc:1    | You fall into a shaft and drop 1 floor!
 85273 | Coc:3    | Reached skill level 15 in Stealth
 85279 | Coc:3    | Lost mutation: You are clumsy. (Dex -2) [potion of
                  | mutation]
 85279 | Coc:3    | Lost mutation: Your magical capacity is extremely low.
                  | (-30% MP) [potion of mutation]
 85279 | Coc:3    | Lost mutation: Your magical capacity is very low. (-20% MP)
                  | [potion of mutation]
 85279 | Coc:3    | Lost mutation: Your magical capacity is low. (-10% MP)
                  | [potion of mutation]
 85279 | Coc:3    | Lost mutation: You are partially covered in thin metallic
                  | scales. (AC +2) [potion of mutation]
 85279 | Coc:3    | Gained mutation: You are partially covered in icy blue
                  | scales. (AC +2) [potion of mutation]
 85280 | Coc:3    | Lost mutation: Scrolls take you longer to read. [potion of
                  | mutation]
 85280 | Coc:3    | Lost mutation: You are resistant to electric shocks.
                  | (rElec) [potion of mutation]
 85280 | Coc:3    | Lost mutation: You are very frail. (-20% HP) [potion of
                  | mutation]
 85280 | Coc:3    | Gained mutation: You expend magic power (3 MP) to
                  | strengthen your wands. [potion of mutation]
 85280 | Coc:3    | Gained mutation: You are partially covered in iridescent
                  | scales. (AC +2) [potion of mutation]
 85280 | Coc:3    | Gained mutation: You are mostly covered in iridescent
                  | scales. (AC +4) [potion of mutation]
 85835 | Coc:7    | Entered Level 7 of Cocytus
 86634 | Coc:7    | Noticed Antaeus
 86836 | Coc:7    | Got an icy rune of Zot
 87101 | Geh:1    | Entered Level 1 of Gehenna
 87952 | Geh:5    | You fall into a shaft and drop 1 floor!
 88063 | Geh:7    | Entered Level 7 of Gehenna
 88186 | Geh:7    | Reached skill level 27 in Long Blades
 88544 | Geh:7    | Identified the +7 sceptre of Asmodeus
 88544 | Geh:7    | Noticed Asmodeus
 88592 | Geh:7    | Got an obsidian rune of Zot
 88799 | Tar:1    | Entered Level 1 of Tartarus
 88839 | Tar:1    | You fall into a shaft and drop 1 floor!
 89261 | Tar:7    | Entered Level 7 of Tartarus
 89649 | Tar:7    | Reached skill level 27 in Dodging
 90350 | Tar:7    | Noticed Ereshkigal
 90448 | Tar:7    | Got a bone rune of Zot
 90635 | Dis:1    | Entered Level 1 of the Iron City of Dis
 91382 | Dis:3    | You fall into a shaft and drop 2 floors!
 91583 | Dis:6    | Found a huge runed gate.
 91583 | Dis:6    | Found a huge runed gate.
 91583 | Dis:6    | Found a huge runed gate.
 91583 | Dis:6    | Found a huge runed gate.
 91583 | Dis:6    | Found a huge runed gate.
 91588 | Dis:6    | Found a huge runed gate.
 91588 | Dis:6    | Found a huge runed gate.
 91588 | Dis:6    | Found a huge runed gate.
 91588 | Dis:6    | Found a huge runed gate.
 91588 | Dis:6    | Found a huge runed gate.
 91588 | Dis:6    | Found a huge runed gate.
 91589 | Dis:6    | Found a huge runed gate.
 91594 | Dis:6    | Found a huge runed gate.
 91595 | Dis:6    | Found a huge runed gate.
 91628 | Dis:6    | Found a huge runed gate.
 91628 | Dis:6    | Found a huge runed gate.
 91628 | Dis:6    | Found a huge runed gate.
 91628 | Dis:6    | Found a huge runed gate.
 91628 | Dis:6    | Found a huge runed gate.
 91727 | Dis:7    | Entered Level 7 of the Iron City of Dis
 91791 | Dis:7    | Reached skill level 27 in Armour
 92812 | Dis:7    | Identified the +4 staff of Dispater
 92812 | Dis:7    | Noticed Dispater
 93067 | Dis:7    | Found the +9 staff of Wucad Mu {channel}
 93073 | Dis:7    | Got an iron rune of Zot
 93714 | Tomb:2   | Killed a greater mummy
 93723 | Tomb:2   | Killed a greater mummy
 93730 | Tomb:2   | Killed a greater mummy
 93737 | Tomb:2   | Killed a greater mummy
 94177 | Tomb:1   | Noticed a greater mummy
 94181 | Tomb:1   | Noticed a greater mummy
 94189 | Tomb:1   | Killed a greater mummy
 94196 | Tomb:1   | Killed a greater mummy
 94203 | Tomb:1   | Noticed a greater mummy
 94205 | Tomb:1   | Noticed a greater mummy
 94207 | Tomb:1   | Noticed a greater mummy
 94215 | Tomb:1   | Killed a greater mummy
 94663 | Tomb:1   | Killed a greater mummy
 94664 | Tomb:1   | Noticed a greater mummy
 94676 | Tomb:1   | Killed a greater mummy
 94681 | Tomb:1   | Killed a greater mummy
 94708 | Tomb:1   | Noticed a greater mummy
 94711 | Tomb:1   | Killed a greater mummy
 94737 | Tomb:1   | Noticed a greater mummy
 94742 | Tomb:1   | Killed a greater mummy
 94986 | Tomb:1   | Noticed a greater mummy
 94991 | Tomb:1   | Noticed a greater mummy
 94996 | Tomb:1   | Noticed a greater mummy
 94997 | Tomb:1   | Killed a greater mummy
 95007 | Tomb:1   | Killed a greater mummy
 95012 | Tomb:1   | Killed a greater mummy
 95029 | Tomb:1   | Noticed a greater mummy
 95033 | Tomb:1   | Noticed a greater mummy
 95041 | Tomb:1   | Killed a greater mummy
 95043 | Tomb:1   | Noticed a greater mummy
 95299 | Tomb:1   | Killed a greater mummy
 95568 | Tomb:1   | Killed a greater mummy
 95593 | Tomb:1   | Noticed a greater mummy
 95601 | Tomb:1   | Killed a greater mummy
 95622 | Tomb:1   | Noticed a greater mummy
 95754 | Tomb:1   | Noticed a greater mummy
 96093 | Tomb:1   | Killed a greater mummy
 96101 | Tomb:1   | Killed a greater mummy
 96105 | Tomb:1   | Noticed a greater mummy
 96137 | Tomb:1   | Killed a greater mummy
 96689 | Tomb:3   | Entered Level 3 of the Tomb of the Ancients
 96704 | Tomb:3   | Noticed a greater mummy
 96722 | Tomb:3   | Noticed a greater mummy
 96723 | Tomb:3   | Noticed a greater mummy
 96741 | Tomb:3   | Killed a greater mummy
 96748 | Tomb:3   | Noticed a greater mummy
 96751 | Tomb:3   | HP: 11/245 [greater mummy/divine providence (13)]
 96756 | Tomb:3   | HP: 15/367 [emperor scorpion[a greater mummy] (2)]
 96757 | Tomb:3   | Killed a greater mummy
 97208 | Tomb:3   | Noticed a greater mummy
 97216 | Tomb:3   | Noticed a greater mummy
 97217 | Tomb:3   | Killed a greater mummy
 97238 | Tomb:3   | Killed a greater mummy
 97249 | Tomb:3   | Killed a greater mummy
 97798 | Tomb:3   | Killed a greater mummy
 98151 | Tomb:3   | Identified the ring of Abbarhae {rPois Str+2 Int+5} (You
                  | found it on level 3 of the Tomb of the Ancients)
 98156 | Tomb:3   | Identified the ring of Zin's Regard {rN++ MR++ Str+4 Int-4}
                  | (You found it on level 3 of the Tomb of the Ancients)
 98161 | Tomb:3   | Identified the ring "Peotuonk" {Fire rPois Str+7 Dex+3
                  | Slay-6} (You found it on level 3 of the Tomb of the
                  | Ancients)
 98164 | Tomb:3   | Identified the ring "Isaodgh" {rN+ rCorr Dex+3} (You found
                  | it on level 3 of the Tomb of the Ancients)
 98270 | Tomb:3   | Noticed a greater mummy
 98309 | Tomb:3   | Killed a greater mummy
 98518 | Tomb:3   | Noticed a greater mummy
 98525 | Tomb:3   | Killed a greater mummy
 98632 | Tomb:3   | Noticed a greater mummy
 98645 | Tomb:3   | Killed a greater mummy
 98905 | Tomb:3   | Got a golden rune of Zot
 99675 | Zot:5    | Gained mutation: You do not regenerate when monsters are
                  | visible. [an orb of fire]
 99695 | Zot:4    | Killed an orb of fire
 99727 | Zot:5    | Killed an orb of fire
100201 | Zot:5    | Noticed an ancient lich
100233 | Zot:5    | Killed an ancient lich
100306 | Zot:5    | Noticed an orb of fire
100340 | Zot:5    | Gained mutation: Your magical capacity is low. (-10% MP)
                  | [an orb of fire]
100342 | Zot:5    | Killed an orb of fire
100517 | Zot:5    | Noticed an orb of fire
100541 | Zot:5    | Gained mutation: Scrolls take you longer to read. [an orb
                  | of fire]
100550 | Zot:5    | Killed an orb of fire
101218 | Zot:5    | Noticed an ancient lich
101225 | Zot:5    | Killed an ancient lich
101362 | Zot:5    | Noticed an orb of fire
101375 | Zot:5    | Noticed an orb of fire
101394 | Zot:5    | Gained mutation: Your spells are a little easier to cast,
                  | but a little less powerful. [an orb of fire]
101413 | Zot:5    | Killed an orb of fire
102048 | Zot:5    | Noticed an ancient lich
102061 | Zot:5    | Noticed an ancient lich
102098 | Zot:5    | Noticed an orb of fire
102111 | Zot:5    | Reached skill level 27 in Throwing
102178 | Zot:5    | Noticed an orb of fire
102180 | Zot:5    | Killed an ancient lich
102363 | Zot:5    | Gained mutation: You are clumsy. (Dex -2) [an orb of fire]
102364 | Zot:5    | Killed an ancient lich
102377 | Zot:5    | Killed an orb of fire
102456 | Zot:5    | Killed an orb of fire
102515 | Zot:5    | Noticed an ancient lich
102528 | Zot:5    | Killed an ancient lich
102633 | Zot:5    | Noticed an ancient lich
102638 | Zot:5    | Killed an ancient lich
102642 | Zot:5    | Got the Orb of Zot
102659 | Zot:5    | Noticed an orb of fire
102796 | Depths:3 | Noticed Qaeluxap the pandemonium lord
102815 | Depths:1 | Noticed Anin the pandemonium lord
102857 | Depths:1 | Noticed Siruebil the pandemonium lord
103284 | D:1      | Noticed Huemedgh the pandemonium lord
103303 | D:$      | Escaped with the Orb!

Levels and vault maps discovered:
D:1:      dpeg_arrival_shelter, layout_basic
D:2:      wander_river, layout_rooms, nrook_loot_triangle, uniq_jessica,
          uniq_sigmund
D:3:      layout_basic, first_ration, minmay_misc_feat_roman,
          grunt_ministairs_13, uniq_purgy, uniq_terence, uniq_natasha,
          uniq_robin, uniq_crazy_yiuf_cottage
D:4:      layout_basic
D:5:      gammafunk_steamed_eel, layout_layer_cave, minmay_temple_entry_tees
D:6:      layout_loops_ring, lemuel_doored_altar, basic_altar, uniq_grinder,
          uniq_menkaure
D:7:      layout_loops_corners, serial_shops, kennysheep_mini, basic_altar,
          hellmonk_ghost_happy_afterlife, grunt_ogre_cave
D:8:      minmay_the_grid_square_5x5_3x3
          [minmay_the_grid_square_5x5_tetrominoes,
          minmay_the_grid_square_5x5_spiral_small,
          minmay_the_grid_square_5x5_shrine1,
          minmay_the_grid_square_5x5_minimal,
          minmay_the_grid_square_5x5_megaprize_checkered,
          minmay_the_grid_square_5x5_spiral, minmay_the_grid_square_5x5_meh,
          minmay_the_grid_square_5x5_shrine2, minmay_the_grid_square_5x5_forky],
          layout_loops_cross, dpeg_lair_monsters, minmay_misc_feat_iff,
          uniq_psyche, uniq_pikel, uniq_harold, uniq_prince_ribbit1
D:9:      layout_roguey, serial_glass, glass_columns_a, glass_columns_c,
          glass_columns_b, glass_columns_c, basic_altar, okawaru_metal_pillars_3
D:10:     layout_roguey, minmay_increasing_density
D:11:     layout_basic
D:12:     layout_roguey, orc_0_dummy
D:13:     layout_long_grid, gammafunk_ghost_grave, minivault_16
D:14:     layout_loops_ring, grunt_vaults_entry_tiered, gauntlet_entry_generic,
          columned_hall_lemuel, basic_altar
D:15:     gammafunk_enter_depths_forms, layout_irregular_city, minivault_27
Temple:   kilobyte_greek_temple
Lair:1:   beast_lair_carwin_large_4, layout_regular_city,
          grunt_forest_small_clearings
Lair:2:   layout_long_grid, minmay_snake_entry_spellcaster,
          minmay_shattered_shrine
Lair:3:   layout_regular_city, serial_bayou_shore_a, uniq_snorg
Lair:4:   layout_hall_layers, shoals_dummy_entry,
          portal_ice_cave_entry_ice_beasts, minmay_lair_oklob_chamber
Lair:5:   layout_regular_city, grunt_megastairs_2, infiniplex_staircase_pool,
          lemuel_fruit_tree
Lair:6:   grunt_lair_end_beastmaster, layout_misc_corridors,
          nicolae_slime_entry_slimehenge, serial_rivers,
          chequers_serial_rivers_small_b, chequers_serial_rivers_micro_e,
          chequers_serial_rivers_small_3, chequers_serial_rivers_large_a,
          chequers_serial_rivers_small_a, uniq_kirke
Shoals:1: layout_shoals, nicolae_shoals_so_close
Shoals:2: cheibrodos_shoals_baths, layout_shoals
Shoals:3: layout_shoals, uniq_polyphemus
Shoals:4: shoals_end_simple, layout_shoals, nicolae_shoals_aquamancer_cove
Snake:1:  layout_rooms, drop_trap, fake_guardian_serpent_vault
Snake:2:  layout_concentric_octagons, basic_altar, uniq_saint_roka
Snake:3:  layout_onion_interference, serial_bayou, serial_bayou_crossing,
          serial_bayou_pond_c, serial_bayou_ford_a, serial_bayou_pond_c,
          serial_bayou_lagoon_a, serial_shops, nicolae_shop_overgrown_old_shop
Snake:4:  grunt_snake_rune_pools, layout_onion, serial_shops,
          nicolae_shop_trees, shop, nicolae_shop_temple_entry_statues_fountains,
          shop
Slime:1:  layout_caves
Slime:2:  cheibrodos_slime_lost_civilization_3, layout_caves
Slime:3:  layout_caves
Slime:4:  layout_caves, nicolae_slime_phagocytosis
Slime:5
Orc:1:    layout_diamond_mine, serial_shops, shop, minmay_orc_treasury
Orc:2:    st_orc_mages, layout_caves
Elf:1:    layout_gridlike, hangedman_elf_represent, uniq_aizul, uniq_nikola,
          uniq_roxanne
Elf:2:    layout_gridlike, basic_altar
Elf:3:    minmay_elf_hall_four_x, layout_geoelf_castle, minivault_25
Vaults:1: nicolae_vaults_back_hallway, hangedman_vaults_capsules,
          nicolae_vaults_windows_and_doors_thing, v_misc_29, v_misc_27,
          nicolae_vaults_murderbox, v_misc_10, v_misc_29,
          nicolae_vaults_little_squares_1, hangedman_vaults_impose, v_misc_19,
          grunt_vaults_hallway_short, v_misc_8, layout_vaults_omnicross,
          serial_shops, shop
Vaults:2: minmay_crypt_entry_necro_gods, v_rooms_2,
          nicolae_vaults_specimen_jars, nicolae_vaults_circle_grid_b,
          ontoclasm_vaults_chip, nicolae_vaults_c_with_doors,
          ontoclasm_vaults_fault, serial_ice_g, layout_vaults_quadrants,
          serial_shops, shop
Vaults:3: nicolae_vaults_network_quinsquares
          [nicolae_vaults_network_quincunx_subvault,
          nicolae_vaults_network_quincunx_subvault,
          nicolae_vaults_network_quincunx_subvault,
          nicolae_vaults_network_quincunx_subvault], vaults_room_door_hall,
          vaults_mumra_minichess, grunt_vaults_hallway_long,
          nicolae_vaults_network_periphery, vaults_room_door_hall,
          vaults_mumra_hex, hangedman_vaults_impose, v_misc_25, st_lattice,
          v_misc_23, layout_vaults_ring, serial_shops, freezing_bzr
Vaults:4: ontoclasm_vaults_eye, hangedman_vaults_unwind, v_misc_23,
          ontoclasm_vaults_hangar, vaults_room_stairs_pillars, v_alt_pattern_6,
          nicolae_vaults_triangles, dpeg_vaults_monster_row, v_misc_18,
          nicolae_vaults_little_ls, hangedman_vaults_stretched_pinwheel,
          nicolae_vaults_circle_grid_a, layout_vaults_omnibox
Vaults:5: serial_shops
Crypt:1:  layout_chaotic_city, serial_glass, glass_columns_b, glass_columns_c,
          nicolae_crypt_twisting_catacombs, minmay_misc_feat_columns, uniq_jory
Crypt:2:  layout_catacombs, minmay_misc_feat_rows, minmay_misc_feat_five,
          roderic_lattice_octagonal_star
Crypt:3:  cryptofortress_bobbens, uniq_mennas, uniq_frederick, uniq_khufu
Tomb:1
Tomb:2
Tomb:3
Depths:1: layout_small_grid, serial_shops, nicolae_shop_behind_doors,
          abyss_entry_crystal, hellmouth_1, minmay_orc_keep, minmay_shoptagon,
          firewood_loft, uniq_mara, uniq_sojobo
Depths:2: hangedman_cross_stitches, layout_gridlike, kennysheep_crisscross,
          hangedman_coc_ice_floe, nemelex_xobeh_ov_fountains_minmay
Depths:3: cell_vault, layout_gridlike, hell_entry, rand_demon_pan_entry_4,
          abyss_entry_small_statue_room, uniq_bai_suzhen
Depths:4: grunt_twist_and_shout, layout_basic, enter_ziggurat_d, abyss_entry,
          grunt_hell_entry_dis_grunt, uniq_xtahua
Depths:5: grunt_zot_entry_gee_three, layout_gridlike, pan_entry,
          pf_hell_entry_tar_river, chequers_serial_rivers_micro_d, uniq_boris
Hell
Dis:1:    layout_jigsaw, nicolae_dis_hell_towers
Dis:2:    layout_chaotic_city
Dis:3:    grunt_deathspiral_small, layout_regular_city
Dis:5:    layout_subdivisions
Dis:6:    layout_gridville, not_door_vault_due
Dis:7:    dis_grunt_layers
Geh:1:    layout_gehenna_lava_caves
Geh:2:    layout_gehenna_pools_box
Geh:3:    layout_gehenna_lava_caves, lemuel_hellish_altar
Geh:4:    layout_gehenna_lava_caves
Geh:5:    layout_gehenna_lava_caves
Geh:6:    layout_gehenna_lava_caves
Geh:7:    evilmike_geh
Coc:1:    layout_cocytus_water_paths
Coc:2:    layout_ice_bergs
Coc:3:    layout_ice_bergs
Coc:4:    layout_cocytus_water_paths
Coc:5:    layout_ice_bergs
Coc:6:    layout_cocytus_water_paths
Coc:7:    coc_grunt_cove [coc_grunt_cove_antaeus, coc_grunt_cove_fiend,
          coc_grunt_cove_fiend, coc_grunt_cove_fiend, coc_grunt_cove_fiend]
Tar:1:    layout_honeycomb
Tar:2:    layout_grid_maze, grunt_megastairs_1
Tar:3:    layout_grid_maze
Tar:4:    layout_catacombs, nicolae_tar_cuneiform_two
Tar:5:    layout_honeycomb
Tar:6:    layout_honeycomb
Tar:7:    tar_mu [tar_mu_maze]
Zot:1:    layout_cathedral_of_symmetry, lemuel_flame_loot_1
Zot:2:    layout_concentric_octagons
Zot:3:    hangedman_zot_vaults_quadrants, layout_onion_interference
Zot:4:    layout_cathedral_of_symmetry, st_small_dragon_hoard_5
Zot:5:    layout_twisted_circle, lemuel_lake_of_fire

Skill      XL: |  1  2  3  4  5  6  7  8  9 10 11 12 13 14 15 16 17 18 19 20 21 22 23 24 25 26 27 |
---------------+----------------------------------------------------------------------------------+-----
Maces & Flails | 4 6 8 10 11 13 15 16 | 16.5
Fighting       | 4 5 6 7 9 10 11 12 13 15 18 19 20 27 | 27.0
Armour         | 3 4 6 8 9 10 11 15 16 17 18 23 27 | 27.0
Dodging        | 3 4 5 7 9 10 11 12 27 | 27.0
Stealth        | 1 18 | 18.0
Evocations     | 1 2 3 4 5 8 10 11 12 13 | 13.9
Shields        | 5 11 14 15 17 21 24 | 24.5
Long Blades    | 7 10 13 16 18 21 22 27 | 27.0
Translocations | 6 9 |  9.5
Spellcasting   | 5 |  5.8
Charms         | 8 |  8.1
Throwing       | 8 15 16 27 | 27.0
Invocations    | 5 13 | 13.0
Short Blades   | |  0.5

Action                   |  1- 3 |  4- 6 |  7- 9 | 10-12 | 13-15 | 16-18 | 19-21 | 22-24 | 25-27 || total
-------------------------+-------+-------+-------+-------+-------+-------+-------+-------+-------++-------
Melee: Mace              |    76 |   108 |   172 |       |       |       |       |       |       ||   356
       Headbutt          |     9 |    13 |    52 |   150 |   539 |   466 |   464 |   672 |  3150 ||  5515
       Dagger            |       |       |     2 |       |       |       |       |       |       ||     2
       Flail             |       |       |    31 |       |       |       |       |       |       ||    31
       Morningstar       |       |       |    53 |       |       |       |       |       |       ||    53
       Great mace        |       |       |    46 |   100 |       |       |       |       |       ||   146
       Demon whip        |       |       |       |   561 |  1820 |   261 |       |       |       ||  2642
       Demon blade       |       |       |       |       |    36 |  1116 |   606 |       |       ||  1758
       Eveningstar       |       |       |       |       |       |   126 |    10 |       |       ||   136
       Double sword      |       |       |       |       |       |       |   281 |   388 |  2460 ||  3129
       Eudemon blade     |       |       |       |       |       |       |   712 |  2015 |  6875 ||  9602
Throw: Dart              |       |       |     1 |     1 |       |       |       |       |       ||     2
       Stone             |       |       |       |     1 |       |       |       |       |       ||     1
       Javelin           |       |       |       |       |       |       |       |       |   286 ||   286
 Cast: Blink             |       |       |       |       |       |       |       |       |    33 ||    33
Invok: Berserk           |       |     4 |     3 |     9 |     5 |       |     3 |       |       ||    24
       Trog's Hand       |       |       |       |     2 |     4 |       |     6 |     1 |       ||    13
       Brothers in Arms  |       |       |       |       |     3 |     2 |     6 |       |       ||    11
       Lesser Servant of |       |       |       |       |       |       |       |       |    11 ||    11
       Greater Servant o |       |       |       |       |       |       |       |       |     5 ||     5
 Abil: Evoke Blink       |       |       |       |       |       |       |       |     5 |       ||     5
       Evoke Flight      |       |       |       |       |       |       |       |       |     2 ||     2
Evoke: Wand              |       |       |    15 |     6 |    10 |     7 |    14 |    10 |    24 ||    86
       Phantom mirror    |       |       |       |       |       |       |       |       |     1 ||     1
  Use: Potion            |       |     2 |       |       |     4 |     1 |     1 |    17 |    75 ||   100
       Scroll            |       |     5 |     3 |     2 |    23 |    12 |    13 |     9 |    64 ||   131
 Stab: Sleeping          |       |       |     2 |       |       |       |       |       |    65 ||    67
       Paralysed         |       |       |     3 |       |       |       |       |       |       ||     3
       Distracted        |       |       |       |       |     1 |       |     1 |       |    17 ||    19
       Confused          |       |       |       |       |    16 |       |       |       |       ||    16
       Petrified         |       |       |       |       |     1 |       |       |       |       ||     1
       Petrifying        |       |       |       |       |       |       |       |       |     2 ||     2
  Eat: Chunk             |     1 |     9 |    15 |    23 |    26 |    15 |     7 |     6 |    13 ||   115
       Ration            |       |       |       |     1 |     5 |     4 |    10 |    14 |    45 ||    79
Armor: Animal skin       |     4 |       |       |       |       |       |       |       |       ||     4
       Leather armour    |     5 |    10 |     1 |       |       |       |       |       |       ||    16
       Chain mail        |       |       |    95 |   130 |    15 |       |       |       |       ||   240
       Plate armour      |       |       |       |       |   585 |   404 |   331 |   666 |  1766 ||  3752
       Skin              |       |       |       |       |     2 |       |       |       |       ||     2
       Shadow dragon sca |       |       |       |       |       |       |       |       |   546 ||   546
Dodge: Dodged            |    49 |    73 |   132 |   128 |   373 |   302 |   448 |   707 |  3654 ||  5866
Block: Other             |       |    17 |    46 |    13 |       |       |       |       |       ||    76
       Reflection        |       |     1 |     2 |    22 |     5 |       |       |       |       ||    30
       Kite shield       |       |       |       |   293 |   789 |   967 |  1017 |  2058 |  7876 || 13000
       Rpst.: Demon blade |       |       |       |       |     4 |    54 |    26 |       |       ||    84
       Double sword      |       |       |       |       |       |       |    15 |    18 |   235 ||   268
       Eudemon blade     |       |       |       |       |       |       |    42 |   106 |   997 ||  1145

Table legend:
 A = Non-vault XP
 B = Vault XP
 C = Vault XP percentage of total XP
 D = Non-vault monster count
 E = Vault monster count
 F = Vault count percentage of total count
                 A         B        C        D         E       F
            +---------+---------+-------+---------+---------+-------
      Total | 1907802 | 1882927 |  49.7 |    2915 |    1606 |  35.5
            +---------+---------+-------+---------+---------+-------
        D:1 |      34 |       0 |   0.0 |      21 |       0 |   0.0
        D:2 |     119 |     262 |  68.8 |      33 |       3 |   8.3
        D:3 |     100 |     284 |  74.0 |      13 |      16 |  55.2
        D:4 |     470 |       2 |   0.4 |      21 |       1 |   4.5
        D:5 |     352 |     218 |  38.2 |      19 |       4 |  17.4
        D:6 |     820 |     437 |  34.8 |      24 |       2 |   7.7
        D:7 |    1363 |     834 |  38.0 |      30 |       2 |   6.2
        D:8 |    1727 |    9443 |  84.5 |      23 |      17 |  42.5
        D:9 |    3343 |       0 |   0.0 |      45 |       0 |   0.0
       D:10 |    3690 |    1113 |  23.2 |      42 |       4 |   8.7
       D:11 |    5652 |       0 |   0.0 |      34 |       0 |   0.0
       D:12 |    5064 |       0 |   0.0 |      34 |       0 |   0.0
       D:13 |    8159 |    1020 |  11.1 |      35 |       1 |   2.8
       D:14 |    9228 |    6994 |  43.1 |      32 |      25 |  43.9
       D:15 |   16091 |    4290 |  21.0 |      43 |       9 |  17.3
     Lair:1 |    3945 |    2901 |  42.4 |      11 |      16 |  59.3
     Lair:2 |    2881 |    2666 |  48.1 |      11 |       6 |  35.3
     Lair:3 |    4054 |     877 |  17.8 |      15 |       1 |   6.2
     Lair:4 |   10939 |    4467 |  29.0 |      31 |      15 |  32.6
     Lair:5 |    8088 |    3164 |  28.1 |      16 |       6 |  27.3
     Lair:6 |   14755 |    7937 |  35.0 |      30 |      22 |  42.3
   Shoals:1 |    9114 |     174 |   1.9 |      22 |       1 |   4.3
   Shoals:2 |   10699 |    2604 |  19.6 |      21 |       7 |  25.0
   Shoals:3 |   12115 |    5814 |  32.4 |      27 |       5 |  15.6
   Shoals:4 |   11675 |   21144 |  64.4 |      24 |      36 |  60.0
    Snake:1 |   21524 |     427 |   1.9 |      41 |       1 |   2.4
    Snake:2 |    7667 |    4825 |  38.6 |      12 |      13 |  52.0
    Snake:3 |    6742 |       0 |   0.0 |      13 |       0 |   0.0
    Snake:4 |   15739 |   41766 |  72.6 |      29 |      58 |  66.7
    Slime:1 |    8506 |       0 |   0.0 |      14 |       0 |   0.0
    Slime:2 |    7003 |       0 |   0.0 |      12 |       0 |   0.0
    Slime:3 |    7716 |       0 |   0.0 |      11 |       0 |   0.0
    Slime:5 |    5414 |   33703 |  86.2 |       4 |      11 |  73.3
      Orc:1 |    2493 |    6096 |  71.0 |      19 |      39 |  67.2
      Orc:2 |    2860 |    4968 |  63.5 |      17 |      42 |  71.2
      Elf:1 |   13882 |   13527 |  49.4 |      24 |      12 |  33.3
      Elf:2 |   14406 |   25397 |  63.8 |      21 |      31 |  59.6
      Elf:3 |   12415 |   54299 |  81.4 |      23 |      39 |  62.9
   Vaults:1 |   33479 |   23530 |  41.3 |      62 |      34 |  35.4
   Vaults:2 |   32459 |   13984 |  30.1 |      58 |      18 |  23.7
   Vaults:3 |   17711 |   27479 |  60.8 |      27 |      36 |  57.1
   Vaults:4 |   17936 |   21453 |  54.5 |      27 |      23 |  46.0
   Vaults:5 |   30932 |  134829 |  81.3 |      42 |      91 |  68.4
    Crypt:1 |   37863 |    3655 |   8.8 |      41 |       1 |   2.4
    Crypt:2 |   20864 |       0 |   0.0 |      32 |       0 |   0.0
    Crypt:3 |       0 |  104172 | 100.0 |       0 |      97 | 100.0
     Tomb:1 |   13867 |  185503 |  93.0 |      23 |      76 |  76.8
     Tomb:2 |   16780 |   53055 |  76.0 |      38 |      44 |  53.7
     Tomb:3 |   19664 |   84179 |  81.1 |      48 |      58 |  54.7
   Depths:1 |   19824 |   23434 |  54.2 |      32 |      15 |  31.9
   Depths:2 |   32521 |   12422 |  27.6 |      46 |      12 |  20.7
   Depths:3 |   56314 |   45348 |  44.6 |      81 |      21 |  20.6
   Depths:4 |   24931 |   11405 |  31.4 |      33 |       7 |  17.5
   Depths:5 |   15162 |   39689 |  72.4 |      13 |      23 |  63.9
       Hell |   37248 |   33628 |  47.4 |      46 |      55 |  54.5
      Dis:1 |   16474 |    9905 |  37.5 |      31 |       9 |  22.5
      Dis:2 |   10037 |       0 |   0.0 |      24 |       0 |   0.0
      Dis:3 |    3913 |       0 |   0.0 |      10 |       0 |   0.0
      Dis:5 |    8435 |       0 |   0.0 |      13 |       0 |   0.0
      Dis:6 |   17242 |       0 |   0.0 |      29 |       0 |   0.0
      Dis:7 |   37231 |   92407 |  71.3 |      63 |      65 |  50.8
      Geh:1 |   29009 |       0 |   0.0 |      59 |       0 |   0.0
      Geh:2 |   16637 |       0 |   0.0 |      26 |       0 |   0.0
      Geh:3 |   11613 |       0 |   0.0 |      29 |       0 |   0.0
      Geh:4 |   12156 |       0 |   0.0 |      16 |       0 |   0.0
      Geh:5 |    9175 |       0 |   0.0 |      12 |       0 |   0.0
      Geh:6 |    8294 |       0 |   0.0 |      12 |       0 |   0.0
      Geh:7 |   16527 |   54575 |  76.8 |      29 |      41 |  58.6
      Coc:1 |    8968 |       0 |   0.0 |      23 |       0 |   0.0
      Coc:3 |   30887 |       0 |   0.0 |      53 |       0 |   0.0
      Coc:4 |   41103 |       0 |   0.0 |      40 |       0 |   0.0
      Coc:5 |    1919 |       0 |   0.0 |       4 |       0 |   0.0
      Coc:6 |   30912 |       0 |   0.0 |      31 |       0 |   0.0
      Coc:7 |   91438 |   55404 |  37.7 |      92 |      56 |  37.8
      Tar:1 |     847 |       0 |   0.0 |       6 |       0 |   0.0
      Tar:2 |   15162 |     124 |   0.8 |      15 |       1 |   6.2
      Tar:3 |     229 |       0 |   0.0 |       4 |       0 |   0.0
      Tar:4 |   10514 |       0 |   0.0 |      11 |       0 |   0.0
      Tar:5 |    8262 |       0 |   0.0 |      18 |       0 |   0.0
      Tar:6 |   11031 |       0 |   0.0 |      18 |       0 |   0.0
      Tar:7 |   62368 |   56796 |  47.7 |      68 |      41 |  37.6
      Zot:1 |   60544 |       0 |   0.0 |      32 |       0 |   0.0
      Zot:2 |   44357 |   19630 |  30.7 |      24 |      11 |  31.4
      Zot:3 |   75052 |   20927 |  21.8 |      43 |      14 |  24.6
      Zot:4 |   70283 |   13760 |  16.4 |      36 |       5 |  12.2
      Zot:5 |   78650 |  160362 |  67.1 |      49 |      36 |  42.4
    Abyss:1 |   12407 |       0 |   0.0 |      13 |       0 |   0.0
    Abyss:2 |    8727 |       0 |   0.0 |      16 |       0 |   0.0
    Abyss:3 |   14681 |    1354 |   8.4 |      25 |       2 |   7.4
    Abyss:4 |    6612 |    7881 |  54.4 |      29 |      18 |  38.3
    Abyss:5 |    5219 |       0 |   0.0 |      10 |       0 |   0.0
        Pan |  322488 |  301767 |  48.3 |     356 |     211 |  37.2
      IceCv |       0 |    4676 | 100.0 |       0 |      26 | 100.0
   Gauntlet |       0 |    3941 | 100.0 |       0 |      14 | 100.0
            +---------+---------+-------+---------+---------+-------
